 Dungeon Crawl Stone Soup version 0.32-a0-42-ga30500b4d3 (webtiles) character file.

Game seed: 2707926522837917544

13207023 Crabhammer the Grand Master (level 27, 282/282 HPs)
             Began as an Octopode Shapeshifter on Jan 14, 2024.
             Was the Champion of Wu Jian.
             Escaped with the Orb
             ... and 15 runes on Jan 28, 2024!
             The game lasted 19:15:17 (122556 turns).

Crabhammer the Grand Master (OpSh)                Turns: 122556, Time: 19:15:17

Health: 282/282    AC: 41    Str: 21    XL:     27
Magic:  37/53      EV: 53    Int: 29    God:    Wu Jian [******]
Gold:   14933      SH: 17    Dex: 39    Spells: 18/78 levels left

rFire   + +          +
                       - Unarmed
rCold   + + +        r - +3 warlock's mirror {omnireflect}
rNeg    + + +        M - +3 crown of Dyrovepreva {rElec Int+2 SInv}
rPois   ∞            U - amulet "Temat" {^Drain rElec Will+++ Regen+ Int+5}
rElec   +            o - +6 ring of dexterity
rCorr   +            g - ring "Nuxuor" {rF+ rC+ Will+ Str+6}
SInv    +            D - ring "Epsual" {+Blink Fly rC++ Str-2 Dex+3}
Will    +++++        h - ring of Nuaq {rElec rN+ Int+4 Dex+3}
Stlth   +++++        y - ring "Xuusiax" {+Blink rF+ rN+ Slay+2}
HPRegen 1.47/turn    K - ring of Generosity {rF+ rN+ rCorr}
MPRegen 0.33/turn    N - ring "Erghema" {^Drain rC++ rCorr Int+2 SInv}
                     q - ring "Jefuz" {Will+ Dex+6}

%: reflection
@: statue-form, flying, studying Stealth, very slow
A: slow and powerful, torment resistance 1, boosted hp, almost no armour,
amphibious, 8 rings, camouflage 1, (gelatinous body 1), (nimble swimmer 1),
tentacles, fangs 1, tentacle spike 1, (shaggy fur 1), weak 1
0: Orb of Zot
}: 15/15 runes: decaying, serpentine, slimy, silver, golden, iron, obsidian,
icy, bone, abyssal, demonic, glowing, magical, fiery, dark
a: Begin Untransformation, Renounce Religion, Evoke Blink, Wall Jump, Serpent's
Lash, Heavenly Storm


You escaped.
You worshipped Wu Jian.
Wu Jian was exalted by your worship.
You were a living statue of rough stone.
You visited 18 branches of the dungeon, and saw 88 of its levels.
You visited Pandemonium 5 times, and saw 38 of its levels.
You visited the Abyss 2 times.
You also visited: Trove, Ossuary, Ice Cave and Wizlab.

You collected 21962 gold pieces.
You spent 7029 gold pieces at shops.

Inventory:

Armour
 r - the +3 warlock's mirror (worn) {omnireflect}
   (You found it on level 14 of the Dungeon)

   Omnireflect: It can block and reflect piercing ranged attacks and magical
   attacks against the wielder's willpower.
 M - the +3 crown of Dyrovepreva (worn) {rElec Int+2 SInv}
   (You acquired it in Pandemonium)

   Int+2:     It affects your intelligence (+2).
   rElec:     It insulates you from electricity.
   SInv:      It lets you see invisible.
Jewellery
 g - the ring "Nuxuor" (right tentacle) {rF+ rC+ Will+ Str+6}
   (You found it on level 7 of the Iron City of Dis)

   [ring of willpower]

   Str+6:     It affects your strength (+6).
   rF+:       It protects you from fire.
   rC+:       It protects you from cold.
   Will+:     It increases your willpower.
 h - the ring of Nuaq (on tentacle) {rElec rN+ Int+4 Dex+3}
   (You found it on level 3 of the Crypt)

   [ring of positive energy]

   Int+4:     It affects your intelligence (+4).
   Dex+3:     It affects your dexterity (+3).
   rElec:     It insulates you from electricity.
   rN+:       It protects you from negative energy.
 k - the amulet of Vitality {RegenMP++ Regen++}
   (You found it on level 3 of the Tomb of the Ancients)

   [amulet of magic regeneration]

   RegenMP:   It increases your rate of magic regeneration.
   Regen++:   It increases your rate of health regeneration.
 o - a +6 ring of dexterity (left tentacle)
 q - the ring "Jefuz" (on tentacle) {Will+ Dex+6}
   (You bought it in a shop in Pandemonium)

   [ring of dexterity]

   Dex+6:     It affects your dexterity (+6).
   Will+:     It increases your willpower.
 y - the ring "Xuusiax" (on tentacle) {+Blink rF+ rN+ Slay+2}
   (You found it on level 3 of the Crypt)

   [ring of positive energy]

   Slay+2:    It affects your accuracy & damage with ranged weapons and melee
   (+2).
   rF+:       It protects you from fire.
   rN+:       It protects you from negative energy.
   +Blink:    It lets you blink.
 D - the ring "Epsual" (on tentacle) {+Blink Fly rC++ Str-2 Dex+3}
   (You found it on level 4 of the Realm of Zot)

   [ring of flight]

   Str-2:     It affects your strength (-2).
   Dex+3:     It affects your dexterity (+3).
   rC++:      It greatly protects you from cold.
   Fly:       It grants you flight.
   +Blink:    It lets you blink.
 K - the ring of Generosity (on tentacle) {rF+ rN+ rCorr}
   (You found it in Pandemonium)

   [ring of resist corrosion]

   rF+:       It protects you from fire.
   rN+:       It protects you from negative energy.
   rCorr:     It protects you from acid and corrosion.
 N - the ring "Erghema" (on tentacle) {^Drain rC++ rCorr Int+2 SInv}
   (You bought it in a shop on level 2 of the Orcish Mines)

   [ring of see invisible]

   Int+2:     It affects your intelligence (+2).
   rC++:      It greatly protects you from cold.
   SInv:      It lets you see invisible.
   rCorr:     It protects you from acid and corrosion.
   ^Drain:    It drains your maximum health when unequipped.
 U - the amulet "Temat" (around mantle) {^Drain rElec Will+++ Regen+ Int+5}
   (You found it on level 3 of the Crypt)

   [amulet of regeneration]

   Int+5:     It affects your intelligence (+5).
   rElec:     It insulates you from electricity.
   Will+++:   It greatly increases your willpower.
   Regen+:    It increases your rate of health regeneration.
   ^Drain:    It drains your maximum health when unequipped.
Talismans
 Y - the granite talisman of Zufos (active) {Will+ Str+2 Int+3 Stlth+}
   (You bought it in a shop on level 2 of the Orcish Mines)

   [granite talisman]

   Str+2:     It affects your strength (+2).
   Int+3:     It affects your intelligence (+3).
   Will+:     It increases your willpower.
   Stlth+:    It makes you more stealthy.
Wands
 c - a wand of polymorph (46)
 s - a wand of iceblast (91)
 t - a wand of mindburst (110)
 E - a wand of flame (299)
 G - a wand of light (88)
 I - a wand of paralysis (147)
 O - a wand of digging (75)
Scrolls
 b - 5 scrolls of torment
 e - 24 scrolls of teleportation
 l - 16 scrolls of fear
 p - 22 scrolls of poison
 u - 18 scrolls of fog
 B - 4 scrolls of blinking
 H - 11 scrolls of immolation
 J - 18 scrolls of vulnerability
 Q - 13 scrolls of revelation
 V - 6 scrolls of butterflies
 W - 5 scrolls of silence
Potions
 a - 2 potions of lignification
 d - 6 potions of berserk rage
 j - 13 potions of enlightenment
 n - 17 potions of mutation
 v - 6 potions of invisibility
 w - 20 potions of attraction
 x - 9 potions of heal wounds
 z - 37 potions of curing
 A - 15 potions of haste
 C - 16 potions of cancellation
 F - 11 potions of might
 L - 8 potions of magic
 X - 2 potions of resistance
Miscellaneous
 f - the horn of Geryon
 i - a box of beasts
 P - a figurine of a ziggurat
 R - a phantom mirror
 S - a lightning rod (4/4)
 T - a phial of floods
 Z - a tin of tremorstones (2/2)


   Skills:
 * Level 25.4 Fighting
 O Level 27 Dodging
 O Level 27 Stealth
 O Level 27 Shields
 O Level 27 Unarmed Combat
 + Level 26.4 Spellcasting
 + Level 23.2 Summonings
 + Level 26.2 Translocations
 + Level 1.1 Ice Magic
 - Level 12.0 Air Magic
 * Level 17.7 Evocations
 - Level 25.0 Shapeshifting


You had 18 spell levels left.
You knew the following spells:

 Your Spells              Type           Power      Damage    Failure   Level
a - Manifold Assault      Tloc           100%       N/A       0%          4
b - Blink                 Tloc           100%       N/A       0%          2
c - Lesser Beckoning      Tloc           100%       N/A       0%          2
d - Gell's Gravitas       Tloc           100%       N/A       0%          3
e - Teleport Other        Tloc           100%       N/A       0%          3
f - Apportation           Tloc           100%       N/A       0%          1
g - Passage of Golubria   Tloc           100%       N/A       0%          4
h - Vhi's Electric Charg  Tloc/Air       100%       N/A       0%          4
i - Ozocubu's Armour      Ice            44%        N/A       1%          3
j - Summon Forest         Summ/Tloc      55%        N/A       0%          5
k - Dispersal             Tloc           56%        N/A       0%          6
l - Disjunction           Tloc           56%        N/A       1%          8
m - Malign Gateway        Summ/Tloc      55%        N/A       1%          7
n - Summon Horrible Thin  Summ           54%        N/A       1%          8

Your spell library contained the following spells:

 Spells                   Type           Power      Damage    Failure   Level
 Summon Small Mammal      Summ           100%       N/A       0%          1
 Call Imp                 Summ           100%       N/A       0%          2
 Momentum Strike          Conj/Tloc      100%       3d10      0%          2
 Call Canine Familiar     Summ           100%       N/A       0%          3
 Summon Ice Beast         Ice/Summ       83%        N/A       0%          3
 Swiftness                Air            83%        N/A       0%          3
 Volatile Blastmotes      Fire/Tloc      100%       2d18      0%          3
 Summon Lightning Spire   Summ/Air       96%        N/A       0%          4
 Summon Cactus Giant      Summ           54%        N/A       0%          6
 Freeze                   Ice            100%       1d10      1%          1
 Magic Dart               Conj           100%       1d8       1%          1
 Necrotise                Necr           100%       1d9       1%          1
 Sandblast                Erth           76%        2d16      1%          1
 Shock                    Conj/Air       100%       1d9       1%          1
 Slow                     Hex            100%       N/A       1%          1
 Sting                    Conj/Alch      100%       1d9       1%          1
 Cigotuvi's Dreadful Rot  Necr/Alch/Air  100%       N/A       1%          2
 Ensorcelled Hibernation  Hex/Ice        82%        N/A       1%          2
 Jinxbite                 Hex            76%        N/A       1%          2
 Mercury Vapours          Alch/Air       100%       N/A       1%          2
 Scorch                   Fire           76%        2d8       1%          2
 Searing Ray              Conj           76%        2d7       1%          2
 Static Discharge         Conj/Air       100%       3-8/arc   1%          2
 Confusing Touch          Hex            38%        N/A       1%          3
 Dazzling Flash           Conj/Hex       76%        N/A       1%          3
 Frozen Ramparts          Ice            88%        1d14      1%          3
 Fugue of the Fallen      Necr           38%        N/A       1%          3
 Hailstorm                Conj/Ice       41%        3d9       1%          3
 Inner Flame              Hex/Fire       38%        N/A       1%          3
 Mephitic Cloud           Conj/Alch/Air  57%        N/A       1%          3
 Passwall                 Erth           38%        N/A       1%          3
 Sigil of Binding         Hex            38%        N/A       1%          3
 Stone Arrow              Conj/Erth      76%        3d11      1%          3
 Tukima's Dance           Hex            38%        N/A       1%          3
 Vampiric Draining        Necr           38%        2d8       1%          3
 Airstrike                Air            41%        2d(6-22)  1%          4
 Dimensional Bullseye     Hex/Tloc       42%        N/A       1%          4
 Iskenderun's Mystic Bla  Conj/Tloc      85%        2d17      1%          4
 Martyr's Knell           Necr/Summ      82%        N/A       1%          4
 Summon Blazeheart Golem  Fire/Summ      82%        N/A       1%          4
 Arcjolt                  Conj/Air       32%        1d42      1%          5
 Silence                  Hex/Air        32%        N/A       1%          5
 Summon Mana Viper        Hex/Summ       82%        N/A       1%          5
 Monstrous Menagerie      Summ           54%        N/A       1%          7
 Summon Hydra             Summ           54%        N/A       1%          7
 Freezing Cloud           Conj/Ice/Air   29%        6-21      3%          5
 Haunt                    Necr/Summ      41%        N/A       4%          7
 Spellforged Servitor     Conj/Summ      41%        N/A       4%          7
 Anguish                  Hex/Necr       19%        N/A       7%          4
 Animate Dead             Necr           38%        N/A       7%          4
 Brom's Barrelling Bould  Conj/Erth      38%        2d6       7%          4
 Cause Fear               Hex            19%        N/A       7%          4
 Dispel Undead            Necr           38%        3d16      7%          4
 Flame Wave               Conj/Fire      38%        2d10      7%          4
 Fulminant Prism          Conj/Alch      19%        3d10      7%          4
 Ignite Poison            Fire/Alch      38%        N/A       7%          4
 Leda's Liquefaction      Alch/Erth      19%        N/A       7%          4
 Olgreb's Toxic Radiance  Alch           38%        N/A       7%          4
 Petrify                  Alch/Erth      38%        N/A       7%          4
 Sticky Flame             Fire/Alch      38%        2d8       7%          4
 Conjure Ball Lightning   Conj/Air       32%        3x3d10    9%          6
 Plasma Beam              Fire/Air       32%        2x1d45    9%          6
 Metabolic Englaciation   Hex/Ice        20%        N/A       16%         5
 Alistair's Intoxication  Alch           25%        N/A       19%         5
 Borgnjor's Vile Clutch   Necr/Erth      19%        N/A       19%         5
 Curse of Agony           Necr           38%        N/A       19%         5
 Fireball                 Conj/Fire      19%        3d9       19%         5
 Iskenderun's Battlesphe  Conj           38%        2d9       19%         5
 Lee's Rapid Deconstruct  Erth           19%        3d11*     19%         5
 Yara's Violent Unravell  Hex/Alch       19%        3d9       19%         5
 Maxwell's Capacitive Co  Air            41%        ∞         32%         8
 Sculpt Simulacrum        Ice/Alch       20%        N/A       63%         6
 Bombard                  Conj/Erth      19%        9d4       71%         6
 Death Channel            Necr           19%        N/A       71%         6
 Eringya's Noxious Bog    Alch           19%        4d6       71%         6
 Starburst                Conj/Fire      19%        6d7       71%         6
 Ozocubu's Refrigeration  Ice            22%        4d12      98%         7
 Orb of Destruction       Conj           19%        9d8       99%         7
 Borgnjor's Revivificati  Necr           19%        N/A       100%        8
 Discord                  Hex            19%        N/A       100%        8
 Ignition                 Fire           19%        3d7       100%        8
 Infestation              Necr           19%        N/A       100%        8
 Lehudib's Crystal Spear  Conj/Erth      19%        10d6      100%        8
 Chain Lightning          Conj/Air       32%        3d43      100%        9
 Death's Door             Necr           19%        N/A       100%        9
 Fire Storm               Conj/Fire      19%        8d5       100%        9
 Polar Vortex             Ice            22%        12d2*     100%        9
 Shatter                  Erth           19%        3d17*     100%        9
 Sublimation of Blood     Necr           Unusable   N/A       N/A         2
 Animate Armour           Summ/Erth      Unusable   N/A       N/A         4

Dungeon Overview and Level Annotations

Branches:
Dungeon (15/15)            Temple (1/1) D:6            Lair (5/5) D:10
  Swamp (4/4) Lair:3        Snake (4/4) Lair:2        Slime (5/5) Lair:5
    Orc (2/2) D:11            Elf (3/3) Orc:2        Vaults (5/5) D:13
  Crypt (3/3) Vaults:2       Tomb (3/3) Crypt:3      Depths (4/4) D:15
   Hell (visited)             Dis (7/7) Hell            Geh (7/7) Hell
    Coc (7/7) Hell            Tar (7/7) Hell            Zot (5/5) Depths:4
Ossuary (visited)           IceCv (visited)          WizLab (visited)

Altars:
Ashenzari
Cheibriados
Dithmenos
Elyvilon
Fedhas
Gozag
Hepliaklqana
Kikubaaqudgha
Makhleb
Nemelex Xobeh
Okawaru
Qazlal
Ru
Sif Muna
Trog
Uskayaw
Vehumet
Wu Jian
Xom
Yredelemnul
Zin
The Shining One
Jiyva

Shops:
D:8 *[   D:9 *   D:14 ?   Orc:1 *   Orc:2 [=:[   Elf:1 !   Elf:3 [   Depths:4 *

Portals:
Hell: Depths:1 Depths:2 Depths:3 Depths:4
Abyss: Crypt:1 Depths:2 Depths:3
Pandemonium: Depths:2
Ziggurat: Depths:1

Annotations:
D:7 2 runed translucent doors
Snake:3 2 transporters, Yschutux's ghost, adept DrMo


Innate Abilities, Weirdness & Mutations

You are a living statue of rough stone.
Your actions are slow, but your melee attacks are powerful.
You are resistant to unholy torment.
Your maximum health is greatly increased.
You cannot wear most types of armour.
You are amphibious.
You can wear up to eight rings at the same time.
You are immune to poison.
Your skin changes colour to match your surroundings (Stealth+).
((Your rubbery body absorbs attacks. (AC +1, EV +1)))
((You are camouflaged when in or above water. (Stealth+)))
You have tentacles for arms and can constrict up to eight enemies at once.
You have very sharp teeth.
One of your tentacles bears a spike.
((You are covered in fur. (AC +1)))
You are weak. (Str -2)


Message History

You bludgeon Zusmug!
You pierce Zusmug, but do no damage.
Your squeeze misses Zusmug.
Zusmug is heavily wounded.
Your supernatural speed expires.
You spin and attack Zusmug repeatedly.
You thrash Zusmug!!!!
Your tentacle spike misses Zusmug.
Zusmug is almost dead.
You thrash Zusmug!!!!
You kill Zusmug!
The Council accepts your kill.
Space becomes stable.
Your dryad disappears in a puff of smoke!
You thrash the hellion!!!!
You kill the hellion!
The Council accepts your kill.
Your large abomination hits the lich. x2
Unknown command.
Your large abomination hits the lich!
Your large abomination barely misses the lich.
The lich attacks as it pursues you! You block the lich's attack.
The lich attacks as it pursues you! You block the lich's attack.
You batter the lich!! Your grab misses the lich.
Your tentacle spike misses the lich.
You squeeze the lich!
The lich is severely damaged.
You block the lich's attack.
You closely miss the lich. You grab the lich.
You pierce the lich, but do no damage.
You squeeze the lich, but do no damage.
The lich is severely damaged.
You constrict the lich.
Your large abomination disappears in a puff of smoke!
Your large abomination hits the lich!!
The lich closely misses you.
You tentacle-slap the lich but do no damage.
You pierce the lich, but do no damage.
You squeeze the lich.
You destroy the lich!
The Council accepts your kill.
You feel your intelligence returning.
You feel less exhausted.
Your large abomination disappears in a puff of smoke!
There is a staircase leading out of the dungeon here.
You have escaped!

..##.......~.~.~~...~~.~.(#......
######'###~~.~.~8.~~.~.~.~)......
.....#.# #~8.~.~~.8~.~.~.8~......
.###.#.###~~.~....~~.~.~.~~.....♣
.# #.......~.~8~~~..~~.~.~#§.§...
.# ###.###.~.~~~...~~.~~.~#.§...♣
.#####.###.~~...~~~~.~~.~~#......
............~~8~~...~~.~~##......
.#####......#~~~8.~~~.~~###......
..............~~~~~..~~## ####♣♣♣
........#.#.#.##.....############
..........#)#....................
..#########........#.............
...# ###.####.#.############ .#†#
#.....#............... .#.#
####..###.############
.#.############..# #.#


There were no monsters in sight!

Vanquished Creatures
  Cerebov (Pan)
  Mnoleg (Pan)
  Gloorx Vloq (Pan)
  the Royal Jelly (Slime:5)
  Ignacio (Pan)
  A seraph (Pan)
  Ereshkigal (Tar:7)
  Lom Lobon (Pan)
  the Serpent of Hell (Dis:7)
  4 dread liches
  Frederick (Depths:4)
  Dispater (Dis:7)
  4 orbs of fire
  The ghost of Bealaq the Black Belt, a legendary GnFE of Okawaru (Zot:4)
  26 pandemonium lords
  6 ancient liches
  Mennas (Pan)
  3 juggernauts
  Sojobo (Depths:3)
  Bai Suzhen (Swamp:3)
  19 royal mummies
  Boris (thrice) (Depths:3 Tomb:3 Zot:4)
  Vv (Depths:4)
  Saint Roka (Orc:2)
  19 shard shrikes
  5 Killer Klowns
  4 curse toes
  32 caustic shrikes
  Geryon (Hell)
  10 golden dragons
  The ghost of Zeaghie the Devastator, a veteran GrEE of Lugonu (Crypt:1)
  29 profane servitors
  30 bone dragons
  21 hellephants
  12 doom hounds
  10 iron giants
  33 Brimstone Fiends
  A shard shrike zombie (Crypt:3)
  27 Tzitzimimeh
  3 electric golems
  A Cloud Mage (WizLab)
  19 tentacled monstrosities
  50 Hell Sentinels
  33 Ice Fiends
  Grunn (Zot:3)
  26 searing wretches
  6 liches
  A walking crystal tome (Depths:3)
  A walking divine tome (Depths:3)
  9 quicksilver dragons
  24 tainted leviathans
  5 deep elf blademasters
  21 titans
  25 ancient champions
  26 Orb Guardians (Zot:5)
  The ghost of Pooter the Executioner, an adept MiBe of Trog (Snake:4)
  17 acid blobs
  45 Executioners
  8 sphinxes
  2 deep elf master archers (Elf:3)
  2 eldritch tentacles
  2 tentacled starspawn
  A thorn hunter (Swamp:2)
  10 death cobs
  Kirke (D:15)
  17 shadow dragons
  Aizul (Snake:4)
  12 tengu reavers
  Donald (Crypt:1)
  7 nagarajas
  9 azure jellies
  17 storm dragons
  11 rockslimes
  5 daevas
  3 revenants
  11 protean progenitors
  23 fire giants
  10 frost giants
  3 iron dragons
  5 draconian monks
  4 draconian knights
  2 fenstrider witches (Swamp:4)
  28 demonspawn warmongers
  18 narguns
  4 draconian scorchers
  12 vault wardens
  6 quicksilver elementals
  2 draconian shifters (Zot:2)
  8 deep elf elementalists (Elf:3)
  4 deep elf sorcerers
  84 balrugs
  4 curse skulls
  A caustic shrike zombie (Crypt:3)
  9 ghost moths (Pan)
  12 angels (Pan)
  15 ghouls
  3 spectral caustic shrikes
  An orc warlord (Orc:1)
  2 draconian stormcallers
  58 cacodemons
  7 shard shrike simulacra
  8 draconian annihilators
  30 demonspawn corrupters (Pan)
  A spectral Killer Klown (Zot:4)
  18 ironbound preservers
  71 reapers
  4 spriggan defenders (Depths:2)
  10 ophanim (Pan)
  19 stone giants
  3 caustic shrike skeletons (Pan)
  12 apis
  8 vampire knights
  A rockslime zombie (Crypt:1)
  8 quicksilver oozes (Slime:5)
  16 elemental wellsprings
  6 ironbound thunderhulks
  4 deep elf demonologists
  42 very ugly things
  7 juggernaut skeletons (Pan)
  28 demonspawn blood saints
  12 bennus (Tomb:3)
  Nessos (D:15)
  12 white draconians
  37 lorocyprocas
  26 putrid mouths
  11 wendigos
  9 green draconians
  13 deep elf annihilators
  An eleionoma (Swamp:4)
  7 purple draconians
  13 deep elf death magi
  8 spark wasps
  11 yellow draconians
  35 demonspawn black suns (Pan)
  7 bunyips
  21 war gargoyles
  12 black draconians
  9 dire elephants
  11 red draconians
  A spectral titan (Tar:3)
  Azrael (Snake:3)
  44 blizzard demons
  10 iron golems
  A spectral iron giant (Tar:4)
  2 pearl dragon zombies (Depths:1)
  A spriggan zombie (Hell)
  14 eidola
  A merfolk impaler (Abyss:3)
  37 green deaths
  30 mummy priests
  A fenstrider witch zombie (Tomb:2)
  3 spectral quicksilver dragons
  A shambling mangrove (Swamp:4)
  5 crystal guardians
  12 yaktaur captains
  10 ettins
  4 fire dragons
  Fannar (Orc:1)
  4 spectral spriggans
  3 deep elf high priests
  A kraken zombie (Hell)
  5 great orbs of eyes
  8 jiangshi
  5 rakshasas
  37 vault guards
  2 peacekeepers
  16 salamander tyrants
  9 ghost crabs
  Harold (D:9)
  5 ice dragons
  15 hydras
  11 hell beasts
  8 alligators
  2 jorogumos (Pan)
  9 juggernaut simulacra
  5 caustic shrike simulacra
  2 ogre magi (Vaults:5)
  A merfolk aquamancer (Pan)
  16 anacondas
  A fenstrider witch skeleton (Tomb:2)
  3 boulder beetles
  14 ironbound frosthearts
  3 catoblepae (Lair:5)
  9 centaur warriors
  A spectral draconian (Zot:4)
  A two-headed ogre (shapeshifter) (Vaults:1)
  2 spectral stone giants
  5 death knights
  26 dancing weapons
  5 tengu warriors
  9 spriggan air magi
  72 demonic crawlers (Pan)
  9 deep troll earth magi
  14 naga warriors
  5 deep troll shamans
  A satyr (shapeshifter) (Vaults:5)
  8 stokers
  60 death scarabs
  6 two-headed ogres
  6 vampire magi
  43 hell hogs
  13 death yaks (Lair:5)
  3 occultists (D:14)
  3 spectral dire elephants
  An orc high priest (Pan)
  7 spriggan berserkers
  225 sun demons
  A spectral storm dragon (Zot:4)
  11 shock serpents
  22 hell knights
  An emperor scorpion zombie (Hell)
  10 naga sharpshooters
  146 soul eaters
  14 crystal echidnas
  10 salamander mystics
  A skyshark (shapeshifter) (Vaults:1)
  A wretched star (Crypt:1)
  3 hellephant skeletons (Pan)
  A titan skeleton (Tomb:3)
  17 deep elf knights
  A bunyip zombie (Crypt:2)
  7 iron trolls
  6 shadow wraiths
  77 sixfirhies
  53 shadow demons
  40 skeletal warriors
  2 quicksilver dragon simulacra
  12 flayed ghosts
  Lodul (D:10)
  47 deep trolls
  5 goliath frogs
  A deep troll (shapeshifter) (Vaults:1)
  7 cherubim
  2 spectral anacondas
  2 sea snakes (Pan)
  A glowing orange brain (shapeshifter) (Vaults:5)
  An orange crystal statue (Depths:3)
  9 naga ritualists
  2 swamp dragons
  7 bog bodies
  20 mana vipers
  5 spriggan druids
  An obsidian statue (D:15)
  13 sun moths
  An orb spider (Pan)
  16 arcanists
  An anaconda zombie (Hell)
  6 glowing orange brains
  10 lindwurms
  2 shadow dragon zombies (Crypt:3)
  5 harpies (Vaults:5)
  An anaconda skeleton (Tomb:3)
  32 phantasmal warriors
  2 lightning spires (Abyss:3)
  13 necromancers
  20 ironbound convokers
  A lindwurm (shapeshifter) (Depths:4)
  108 large abominations
  11 deep elf archers
  A fenstrider witch simulacrum (Tomb:1)
  2 orc knights (Orc:2)
  28 deep elf pyromancers
  An alligator skeleton (Hell)
  4 wolf spiders
  42 ugly things
  10 cyclopes
  30 deep elf zephyrmancers
  An oklob plant (Lair:5)
  An iron dragon zombie (Crypt:3)
  9 will-o-the-wisps
  2 shining eyes
  A cyclops (shapeshifter) (Vaults:5)
  2 shining eyes (shapeshifter)
  2 spectral alligator snapping turtles (Tar:1)
  4 manticores
  6 orc sorcerers
  50 elephants
  33 salamanders
  3 centaur zombies
  A dire elephant zombie (Crypt:3)
  A stone giant zombie (Vaults:4)
  3 naga zombies
  4 apis skeletons (Depths:1)
  2 apocalypse crabs (WizLab)
  4 molten gargoyles (Hell)
  13 guardian serpents
  6 rust devils
  A spectral centaur (Tar:2)
  16 naga magi
  An iron dragon skeleton (Crypt:1)
  30 moths of wrath
  2 kobold blastminers (Orc:2)
  40 black mambas
  2 water nymphs (Zot:2)
  2 gargoyles
  8 ice statues
  A titan simulacrum (Coc:1)
  An alligator snapping turtle zombie (Tomb:3)
  73 orange demons
  151 smoke demons
  A torpor snail (Lair:5)
  8 cane toads
  16 vault sentinels
  11 spectral swamp worms (Tar:7)
  An unseen horror (D:12)
  6 komodo dragons
  66 hellions
  A rime drake (Lair:3)
  A centaur skeleton (Hell)
  3 kobold demonologists
  An alligator snapping turtle skeleton (Tomb:3)
  14 efreet (Pan)
  51 tormentors
  17 freezing wraiths
  14 yaktaurs
  2 yaktaur skeletons
  A harpy zombie (Crypt:3)
  4 spectral nagas
  4 anaconda simulacra
  3 dire elephant skeletons
  10 ice devils
  An orb spider zombie (Crypt:1)
  A bunyip simulacrum (Crypt:2)
  2 minotaur skeletons
  4 tengu conjurers
  A white draconian skeleton (Crypt:1)
  A golden dragon simulacrum (Coc:6)
  A silent spectre (Tar:4)
  A sea snake skeleton (Hell)
  16 red devils
  2 iron giant simulacra
  55 hellwings (Pan)
  A wind drake (WizLab)
  41 guardian mummies
  2 bloated husks
  2 spectral harpies
  17 blink frogs
  Prince Ribbit (D:6)
  10 trolls
  2 harpy skeletons
  Grinder (D:6)
  4 glass eyes
  5 tyrant leeches
  20 hornets
  2 alligator simulacra (Hell)
  2 iron dragon simulacra
  A draconian simulacrum (Zot:4)
  4 stone giant simulacra
  4 raiju (Abyss:3)
  A snapping turtle (shapeshifter) (Depths:3)
  17 dream sheep
  A dream sheep (shapeshifter) (Depths:3)
  2 jumping spiders (shapeshifter) (Vaults:1)
  2 ettin skeletons
  3 jumping spiders (Crypt:3)
  A spriggan (shapeshifter) (Elf:3)
  13 air elementals
  5 ettin zombies
  83 slime creatures
  A small abomination (Abyss:3)
  89 ynoxinuls
  19 spriggans
  3 black mamba zombies
  6 hogs
  46 yaks
  2 shadows
  5 dire elephant simulacra
  11 wraiths
  5 wyverns
  5 fire elementals
  7 fire bats
  5 basilisks
  6 water elementals
  An alligator snapping turtle simulacrum (Coc:3)
  4 redbacks (Crypt:3)
  3 steam dragons
  5 ushabtiu
  8 wargs
  Eustachio (D:6)
  13 vampire mosquitoes
  65 neqoxecs (Pan)
  5 golden eyes
  3 swamp worm simulacra (Swamp:4)
  8 death yak simulacra
  A basilisk (shapeshifter) (Abyss:1)
  A sea snake simulacrum (Hell)
  18 swamp worms
  110 chaos spawn (Pan)
  41 nagas
  7 harpy simulacra
  18 hydra simulacra
  Menkaure (D:7)
  7 water moccasins
  A water nymph skeleton (Crypt:1)
  A glowing shapeshifter skeleton (Vaults:4)
  4 acid dragons
  4 hell hounds
  47 orc warriors
  A swamp drake (Swamp:2)
  2 ice beasts (D:6)
  An ice beast (shapeshifter) (Crypt:1)
  3 black bears
  21 laughing skulls
  An ogre (shapeshifter) (D:14)
  9 ettin simulacra
  11 ogres
  A lindwurm skeleton (Crypt:2)
  An elephant skeleton (Crypt:2)
  16 wolves
  2 human skeletons (Vaults:1)
  5 boggarts (Vaults:3)
  A snapping turtle skeleton (Crypt:1)
  A blink frog skeleton (Crypt:2)
  19 centaurs
  3 kobold brigands
  A weeping skull (Ossuary)
  Blork the orc (D:5)
  3 elf zombies
  2 gnoll sergeants
  7 brain worms
  7 scorpions
  A glowing shapeshifter simulacrum (Vaults:4)
  An earth elemental (Elf:2)
  13 bullfrogs
  17 necrophages
  3 two-headed ogre simulacra (IceCv)
  2 cane toad simulacra
  6 wights
  5 wyvern skeletons (Crypt:3)
  2 burial acolytes (Ossuary)
  9 killer bees
  An elephant simulacrum (IceCv)
  2 electric eels
  3 howler monkeys (D:10)
  A crimson imp (Pan)
  2 bullfrog zombies (D:4)
  3 lava snakes (Lair:2)
  2 iron imps
  22 orc priests
  A human zombie (Ossuary)
  A gnoll bouda (D:7)
  Crazy Yiuf (D:3)
  6 hounds
  2 jellies
  3 iguanas
  25 orc wizards
  5 hell rats (Hell)
  5 spriggan simulacra
  7 troll simulacra (IceCv)
  3 polar bear simulacra (IceCv)
  3 wolf simulacra
  3 hound zombies (Ossuary)
  33 mummies
  16 gnolls
  10 adders
  8 naga simulacra
  11 white imps
  4 swamp drake simulacra (Swamp:4)
  9 ufetubi
  An iguana skeleton (Crypt:2)
  An adder skeleton (Crypt:1)
  3 dart slugs
  5 ribbon worms
  79 orcs
  6 endoplasms
  2 giant cockroaches
  5 gnoll zombies (Ossuary)
  5 goblins
  12 hobgoblins
  7 jackals (D:1)
  30 kobolds
  3 quokkas
  5 ball pythons
  6 bats
  5 frilled lizards
  2 orc zombies (Ossuary)
  5 rats
  10 aspiring fleshes
  2 ball lightnings (Pan)
  A butterfly (D:6)
  5 creeping infernos
  4 fire vortices
  A tentacle (Hell)
5639 creatures vanquished.

Vanquished Creatures (collateral kills)
  Antaeus (Coc:7)
  Asmodeus (Geh:7)
  A seraph (D:1)
  2 royal mummies
  8 caustic shrikes
  2 bone dragons
  6 pandemonium lords
  2 Brimstone Fiends
  3 iron giants
  A Hell Sentinel (Pan)
  4 tainted leviathans
  2 hellephants (Geh:6)
  An Orb Guardian (Zot:4)
  2 eldritch tentacles
  4 sphinxes (Tomb:1)
  A demonspawn warmonger (D:12)
  A nargun (Coc:4)
  An iron dragon (Dis:1)
  A quicksilver elemental (Dis:2)
  7 balrugs
  2 demonspawn blood saints (Pan)
  4 reapers
  2 cacodemons (Pan)
  2 demonspawn corrupters (Pan)
  A demonspawn black sun (Pan)
  A war gargoyle (Dis:2)
  3 elemental wellsprings (Coc:4)
  5 iron golems
  5 mummy priests
  A blizzard demon (Pan)
  An eidolon (Tar:5)
  A hell beast (D:1)
  A stoker (Geh:3)
  An anaconda (Snake:4)
  2 hell hogs
  40 death scarabs
  A hell knight (Hell)
  7 soul eaters
  2 sun demons (Pan)
  2 sixfirhies (Pan)
  3 cherubim (Pan)
  A titan skeleton (Tomb:2)
  A skeletal warrior (Tomb:1)
  2 shadow demons
  A spectral ettin (Tar:5)
  An iron dragon skeleton (Tomb:2)
  A dire elephant zombie (Tomb:2)
  3 smoke demons
  2 orange demons (Pan)
  A freezing wraith (Coc:4)
  5 ice devils (Hell)
  2 tormentors
  A hydra zombie (Hell)
  4 red devils
  9 guardian mummies
  A black mamba zombie (Tomb:1)
  2 ushabtiu
  A ynoxinul (Pan)
  A neqoxec (Pan)
  2 chaos spawn (Pan)
  3 hell rats (Hell)
  17 mummies
  A creeping inferno (Geh:3)
200 creatures vanquished.

Vanquished Creatures (others)
  A pandemonium lord (Pan)
  37 eldritch tentacles
  A demonspawn corrupter (Pan)
  A reaper (Pan)
  A demonspawn blood saint (Pan)
  A demonspawn black sun (Pan)
  An elemental wellspring (Coc:4)
  2 deep elf high priests
  A juggernaut simulacrum (Coc:3)
  An iron troll (Depths:3)
  A sun demon (Pan)
  A sixfirhy (Pan)
  2 spriggan simulacra
  A smoke demon (Pan)
  A hellion (Coc:6)
  A tormentor (Coc:6)
  An iron giant simulacrum (Coc:3)
  A spectral harpy (Tar:5)
  An ice devil (Hell)
  A hellwing (Pan)
  A bloated husk (Swamp:4)
  A tyrant leech (Swamp:1)
  A slime creature (Vaults:2)
  A dire elephant simulacrum (Coc:3)
  A naga simulacrum (Coc:6)
  A hog (D:15)
  A ynoxinul (Pan)
  A fire bat (Depths:4)
  A chaos spawn (Pan)
  3 harpy simulacra
  A naga (Snake:2)
  2 swamp worms (Swamp:1)
  A hell rat (Hell)
  An orc (Orc:2)
  A ball lightning (Pan)
  24 foxfires
  A lurking horror (Crypt:1)
  6 snaplasher vines
  9 starspawn tentacles
  3 tentacles (Hell)
119 creatures vanquished.

Grand Total: 5958 creatures vanquished

Notes
Turn   | Place    | Note
-------+----------+-------------------------------------------
     0 | D:1      | Crabhammer the Octopode Shapeshifter began the quest for
                  | the Orb.
     0 | D:1      | Reached XP level 1. HP: 13/13 MP: 1/1
    93 | D:1      | Reached XP level 2. HP: 17/18 MP: 2/2
   570 | D:1      | Reached XP level 3. HP: 23/23 MP: 3/3
   949 | D:2      | Found a shimmering altar of Xom.
  1251 | D:2      | Reached XP level 4. HP: 28/28 MP: 4/4
  1308 | D:2      | Reached skill level 5 in Unarmed Combat
  2131 | D:3      | Found a blossoming altar of Fedhas.
  2191 | D:3      | Found a faded altar of an unknown god.
  2221 | D:3      | Found a snail-covered altar of Cheibriados.
  2488 | D:3      | Reached XP level 5. HP: 14/33 MP: 3/5
  2770 | D:3      | Found a white marble altar of Elyvilon.
  3007 | D:3      | Found a runed translucent door.
  3008 | D:3      | Noticed Crazy Yiuf
  3137 | D:4      | Reached XP level 6. HP: 24/38 MP: 3/6
  3195 | D:4      | Found a basalt altar of Yredelemnul.
  3255 | D:4      | Identified the +1 cloak of Time Monsters {Harm Str+3}
  3312 | D:4      | Found an opulent altar of Gozag.
  3314 | D:4      | Found an opulent altar of Gozag.
  3400 | D:4      | Found an opulent altar of Gozag.
  3403 | D:4      | Found an opulent altar of Gozag.
  3584 | D:4      | Identified the +3 ring mail "Aduownufi" {rCorr Int+5 Dex+5}
  3734 | D:4      | Found a shimmering blue altar of Sif Muna.
  3967 | D:5      | Entered Level 5 of the Dungeon
  4513 | D:5      | Noticed Blork the orc
  4550 | D:5      | Reached XP level 7. HP: 32/44 MP: 4/7
  4920 | D:5      | Killed Blork the orc
  4921 | D:5      | Reached skill level 1 in Stealth
  5140 | D:6      | Noticed Prince Ribbit
  5231 | D:6      | Noticed Eustachio
  5237 | D:6      | Killed Eustachio
  5238 | D:6      | Reached XP level 8. HP: 51/51 MP: 8/8
  5248 | D:6      | Found a sand-covered staircase.
  5255 | Ossuary  | Entered an ossuary
  5305 | Ossuary  | Reached skill level 5 in Shapeshifting
  5767 | Ossuary  | Reached skill level 1 in Evocations
  6190 | D:6      | Noticed Grinder
  6217 | D:6      | Found a burning altar of Makhleb.
  6258 | D:6      | Killed Prince Ribbit
  6259 | D:6      | Reached XP level 9. HP: 50/55 MP: 7/9
  6443 | D:6      | Found a staircase to the Ecumenical Temple.
  6451 | Temple   | Entered the Ecumenical Temple
  6457 | Temple   | Became a worshipper of the Wu Jian Council
  6487 | D:6      | Killed Grinder
  6857 | D:6      | Found a shimmering altar of Xom.
  6867 | D:6      | Reached skill level 10 in Unarmed Combat
  7232 | D:7      | Noticed a hornet
  7443 | D:7      | Reached * piety under Wu Jian
  7581 | D:7      | Found a large runed translucent door.
  7596 | D:7      | Found a large runed translucent door.
  7642 | D:7      | Found a glowing golden altar of the Shining One.
  7726 | D:7      | Found a large runed translucent door.
  7726 | D:7      | Found a large runed translucent door.
  7978 | D:7      | Reached XP level 10. HP: 63/63 MP: 10/10
  8197 | D:7      | Noticed a skeletal warrior
  8665 | D:7      | Identified the +8 lajatang of the Doomed Warrior {drain,
                  | Will++}
  8756 | D:8      | Noticed a kobold demonologist
  8770 | D:8      | Noticed a rust devil
  8960 | D:7      | Noticed Menkaure
  8967 | D:7      | Killed Menkaure
  9257 | D:8      | Found a hazy altar of Hepliaklqana.
  9302 | D:8      | Killed a kobold demonologist
  9303 | D:8      | Found Fokod's General Store.
  9337 | D:8      | Found Qoekot's Armour Emporium.
  9437 | D:8      | Identified the +5 ring mail of Makhleb's Esteem {rPois rF+
                  | Will+}
  9517 | D:8      | Reached ** piety under Wu Jian
  9535 | D:8      | Noticed a two-headed ogre
  9543 | D:8      | Killed a two-headed ogre
  9556 | D:8      | Found a radiant altar of Vehumet.
 10141 | D:9      | Noticed Harold
 10157 | D:9      | Reached XP level 11. HP: 57/67 MP: 8/11
 10337 | D:9      | Found Zin's Purification Station.
 10349 | D:9      | Found a glowing silver altar of Zin.
 10426 | D:9      | Reached skill level 5 in Dodging
 10484 | D:9      | Found a shadowy altar of Dithmenos.
 10842 | D:9      | Found a sparkling altar of Nemelex Xobeh.
 11019 | D:9      | Reached *** piety under Wu Jian
 11168 | D:9      | Killed Harold
 11208 | D:10     | Entered Level 10 of the Dungeon
 11632 | D:10     | Noticed Lodul
 11905 | D:10     | Killed Lodul
 12097 | D:10     | Reached **** piety under Wu Jian
 12389 | D:10     | Found a staircase to the Lair.
 12672 | D:11     | Reached XP level 12. HP: 58/74 MP: 12/12
 12832 | D:11     | Identified the +8 dagger of the Jolly Wishes {venom, rC+
                  | Stlth+}
 12855 | D:11     | Reached skill level 15 in Unarmed Combat
 13179 | D:11     | Found the crystal ball of Wucad Mu {*channel}
 13317 | D:11     | Noticed a two-headed ogre
 13322 | D:11     | Killed a two-headed ogre
 13566 | D:11     | Found a staircase to the Orcish Mines.
 13754 | D:11     | Found a portal to a secret trove of treasure.
 13757 | D:11     | You paid a toll of 3 scrolls of blinking to enter a
                  | treasure trove
 13758 | Trove    | Entered a treasure trove
 13910 | Trove    | Identified the amulet of Calinun {Reflect rC+ SH+5}
 13938 | Trove    | Got Sif Muna's Elucidation of Blasphemous Arts
 14042 | Trove    | Got Sif Muna's Almanac of Rime and Kinetic Energy
 14148 | D:11     | Upgraded the game from 0.32-a0-7-ge934b4519a to
                  | 0.32-a0-12-g7fc57aa741
 14453 | Lair:1   | Entered Level 1 of the Lair of Beasts
 14994 | Lair:1   | Reached skill level 10 in Shapeshifting
 15438 | Lair:1   | Reached XP level 13. HP: 81/81 MP: 13/13
 15921 | Lair:1   | Reached XP level 14. HP: 92/92 MP: 14/14
 15922 | Lair:1   | Reached XP level 15. HP: 101/101 MP: 15/15
 15980 | Lair:2   | Found an ornate altar of the Wu Jian Council.
 16279 | Lair:2   | Found a hide-covered altar of Uskayaw.
 16329 | Lair:2   | Reached ***** piety under Wu Jian
 17276 | Lair:2   | Found a staircase to the Snake Pit.
 17784 | Lair:3   | Found a staircase to the Swamp.
 19530 | Lair:4   | Found a frozen archway.
 19545 | IceCv    | Entered an ice cave
 22077 | Lair:4   | Found an opulent altar of Gozag.
 22336 | Orc:1    | Entered Level 1 of the Orcish Mines
 22368 | Orc:1    | Found Lehusoh's Assorted Antiques.
 22488 | Orc:1    | Noticed Fannar
 22490 | Orc:1    | Killed Fannar
 22491 | Orc:1    | Reached XP level 16. HP: 97/108 MP: 16/16
 22496 | Orc:1    | Reached ****** piety under Wu Jian
 23147 | Orc:2    | Entered Level 2 of the Orcish Mines
 23366 | Orc:2    | Noticed Saint Roka
 23366 | Orc:2    | Found a staircase to the Elven Halls.
 24183 | Orc:2    | Killed Saint Roka
 26494 | Orc:2    | Found Daygahue's Jewellery Boutique.
 26494 | Orc:2    | Found Cygubril's Book Emporium.
 26494 | Orc:2    | Found Roggolall's Antique Armour Shoppe.
 26497 | Orc:2    | Found Ytiyzunu's Antique Armour Shop.
 28450 | D:13     | Found a gate to the Vaults.
 28994 | Orc:2    | Bought the granite talisman of Zufos {Will+ Str+2 Int+3
                  | Stlth+} for 3286 gold pieces
 29184 | Lair:5   | Entered Level 5 of the Lair of Beasts
 29367 | Lair:5   | Reached skill level 1 in Shields
 29401 | Lair:5   | Reached skill level 15 in Shapeshifting
 29699 | Lair:5   | Reached XP level 17. HP: 113/113 MP: 17/17
 29906 | Lair:5   | Found a staircase to the Slime Pits.
 29909 | Lair:5   | Found a viscous altar of Jiyva.
 30477 | Snake:1  | Entered Level 1 of the Snake Pit
 30691 | Snake:1  | Reached skill level 5 in Shields
 32268 | Snake:3  | Found a transporter.
 32270 | Snake:3  | Noticed Azrael
 32291 | Snake:3  | Noticed Yschutux's ghost (adept DrMo)
 32303 | Snake:3  | Killed Azrael
 32631 | Snake:3  | Found a transporter.
 32751 | Snake:3  | Reached XP level 18. HP: 55/119 MP: 18/18
 33102 | Snake:3  | Reached skill level 10 in Dodging
 33903 | Snake:4  | Entered Level 4 of the Snake Pit
 34348 | Snake:4  | Found a runed translucent gate.
 34349 | Snake:4  | Found a runed translucent gate.
 34354 | Snake:4  | Found a runed translucent gate.
 34355 | Snake:4  | Noticed Pooter's ghost (adept MiBe)
 34386 | Snake:4  | Identified the serpent talisman of Uskayaw's Hope {rC+++
                  | Will- Dex+2 Stlth+}
 34386 | Snake:4  | Noticed Aizul
 34389 | Snake:4  | Killed Aizul
 35321 | Elf:1    | Entered Level 1 of the Elven Halls
 35346 | Elf:1    | Identified the +2 ring mail of Ystel {Int+3 Stlth-}
 35394 | Elf:1    | Noticed a shard shrike
 35394 | Elf:1    | Found the +8 frozen axe "Frostbite" {freeze, freezing
                  | cloud, *Noise Fly rC+}
 35517 | Elf:1    | Identified a scroll of acquirement
 35522 | Elf:1    | Acquired a manual of Dodging
 35654 | Elf:1    | Found Jaory's Distillery.
 35973 | Elf:1    | Killed a shard shrike
 36362 | Elf:2    | Reached XP level 19. HP: 126/126 MP: 19/19
 36997 | Elf:2    | Found a runed translucent gate.
 36997 | Elf:2    | Found a runed translucent gate.
 36997 | Elf:2    | Found a runed translucent gate.
 37799 | Elf:3    | Entered Level 3 of the Elven Halls
 37995 | Orc:2    | Bought the ring "Erghema" {^Drain rC++ rCorr Int+2 SInv}
                  | for 742 gold pieces
 38367 | Elf:3    | Found Appaxer's Antique Armour Shop.
 38802 | Swamp:1  | Entered Level 1 of the Swamp
 39398 | Swamp:1  | Reached skill level 10 in Fighting
 39780 | Swamp:1  | Identified the +3 whip of Cataclysm {drain, rN+ Str+3}
 40423 | Swamp:2  | Reached XP level 20. HP: 126/132 MP: 20/20
 40860 | Swamp:3  | Noticed Bai Suzhen
 41696 | D:14     | Found Moaraifi's Magic Scroll Shoppe.
 41755 | D:14     | Found the +3 warlock's mirror {omnireflect}
 42131 | D:15     | Entered Level 15 of the Dungeon
 42131 | D:15     | Noticed Kirke
 42131 | D:15     | Noticed Nessos
 42308 | D:15     | Killed Kirke
 42416 | D:15     | Found a staircase to the Depths.
 42443 | D:15     | Killed Nessos
 43390 | Snake:4  | Reached skill level 5 in Evocations
 43652 | Snake:4  | Got a serpentine rune of Zot
 43961 | Vaults:1 | Entered Level 1 of the Vaults
 43986 | Vaults:1 | Reached skill level 15 in Dodging
 44763 | Vaults:1 | Reached XP level 21. HP: 138/138 MP: 21/21
 44875 | Vaults:1 | You fall into a shaft and drop 1 floor!
 44995 | Vaults:2 | Found a staircase to the Crypt.
 45124 | Vaults:2 | Found a magical portal.
 45135 | WizLab   | Entered The Chambers of the Cloud Mage
 45462 | WizLab   | Paralysed by an air elemental for 1 turns
 45540 | WizLab   | Paralysed by an air elemental for 1 turns
 45686 | WizLab   | Got the Incunable of Vapour
 45704 | WizLab   | Identified the ring "Raiqodal" {Fly rC+ MP+9 Slay-4}
 45990 | Orc:2    | Bought a +6 ring of dexterity for 612 gold pieces
 46707 | Vaults:2 | Got Sif Muna's Catalogue of Liminal Transmogrification
 47241 | Vaults:3 | Learned a level 4 spell: Manifold Assault
 47276 | Vaults:3 | Identified the +6 arbalest "Pecily" {antimagic, Int+3}
 48013 | Vaults:3 | Reached XP level 22. HP: 144/144 MP: 22/22
 49888 | Swamp:3  | Killed Bai Suzhen
 49889 | Swamp:3  | Reached skill level 1 in Spellcasting
 49889 | Swamp:3  | Reached skill level 1 in Translocations
 49993 | Swamp:4  | Entered Level 4 of the Swamp
 50524 | Swamp:4  | Reached skill level 5 in Spellcasting
 50674 | Swamp:4  | Identified the +11 executioner's axe of Buhylori {speed,
                  | rF++}
 50851 | Swamp:4  | Got a decaying rune of Zot
 51188 | Elf:3    | Reached skill level 5 in Translocations
 51498 | Elf:3    | Reached XP level 23. HP: 136/150 MP: 35/35
 51599 | Elf:3    | Identified the ring "Erghesus" {rC+ Will++}
 51607 | Elf:3    | Identified the +8 great sword of the Shoals {freeze, ^Drain
                  | Will+ Dex+2 Stlth+}
 51607 | Elf:3    | Identified the ring "Lieg" {rElec rPois rF- Str+5 Slay+4}
 51633 | Elf:3    | Identified the amulet of Rationality {Spirit rN+ Int+2}
 51917 | Elf:3    | Reached skill level 10 in Spellcasting
 51918 | Elf:3    | Identified the amulet "Wehes" {Reflect *Slow Int+4 Dex+5
                  | SH+5}
 51928 | Elf:3    | Identified the +5 dagger of the Mind {freeze, rC+ rN+
                  | Str+3}
 52025 | Elf:3    | Got the Omnibus of the Polar Mountains
 52065 | Elf:3    | Identified the +11 orcbow "Ybariasa" {speed, rN+ Str+4}
 52071 | Elf:3    | Identified the +5 scale mail of the Hanged Man {rPois rN+}
 52598 | Crypt:1  | Entered Level 1 of the Crypt
 53078 | Crypt:1  | Found a transporter.
 53079 | Crypt:1  | Found a transporter.
 53158 | Crypt:1  | Noticed Zeaghie's ghost (veteran GrEE)
 53159 | Crypt:1  | Noticed Donald
 53166 | Crypt:1  | Killed Donald
 53288 | Crypt:1  | Found a one-way gate to the infinite horrors of the Abyss.
 53980 | D:14     | Bought a scroll of acquirement for 780 gold pieces
 53982 | D:14     | Acquired the ring "Nohytsu" {*Corrode rElec rN+ Int+2
                  | Dex+6}
 54327 | Crypt:2  | Learned a level 2 spell: Blink
 54330 | Crypt:2  | Learned a level 2 spell: Lesser Beckoning
 54334 | Crypt:2  | Learned a level 3 spell: Gell's Gravitas
 54338 | Crypt:2  | Learned a level 3 spell: Teleport Other
 54829 | Crypt:3  | Entered Level 3 of the Crypt
 55232 | Crypt:3  | Identified the +8 great mace of the Warrior-Mage {elec,
                  | Will- rCorr Str+3 SInv}
 55237 | Crypt:3  | Acquired Wuuleg's Anthology of Wanderlust
 55241 | Crypt:3  | Learned a level 1 spell: Apportation
 55246 | Crypt:3  | Learned a level 4 spell: Passage of Golubria
 55251 | Crypt:3  | Learned a level 4 spell: Vhi's Electric Charge
 55255 | Crypt:3  | Learned a level 3 spell: Ozocubu's Armour
 55261 | Crypt:3  | Learned a level 5 spell: Summon Forest
 55268 | Crypt:3  | Learned a level 6 spell: Dispersal
 55560 | Crypt:3  | Found a staircase to the Tomb.
 55936 | Crypt:3  | Identified the ring "Xuusiax" {+Blink rF+ rN+ Slay+2}
 55936 | Crypt:3  | Identified the amulet "Temat" {^Drain rElec Will+++ Regen+
                  | Int+5}
 55936 | Crypt:3  | Identified the ring of Nuaq {rElec rN+ Int+4 Dex+3}
 56163 | Crypt:3  | Reached skill level 27 in Unarmed Combat
 56163 | Crypt:3  | Reached XP level 24. HP: 155/155 MP: 38/38
 56170 | Crypt:3  | Reached skill level 1 in Air Magic
 56175 | Crypt:3  | Identified the ring "Koanutug" {rPois Dex+2}
 56179 | Crypt:3  | Found a basalt altar of Yredelemnul.
 56339 | Crypt:3  | Got the Almanac of Lamentation
 57058 | Slime:1  | Entered Level 1 of the Pits of Slime
 57098 | Slime:5  | Entered Level 5 of the Pits of Slime
 57235 | Slime:5  | Gained mutation: You are weak. (Str -2) [a shining eye]
 57491 | Slime:5  | Noticed the Royal Jelly
 57495 | Slime:5  | Killed the Royal Jelly
 57586 | Slime:5  | Reached skill level 5 in Air Magic
 57608 | Slime:5  | Got Sif Muna's Compendium of Petrous Toxicology
 57609 | Slime:5  | Identified the ring of Yredelemnul's Whim {rPois rN++ Str-5
                  | Dex+4}
 57617 | Slime:5  | Identified the +3 leather armour of Gravitas {rPois Dex+2}
 57632 | Slime:5  | Identified the amulet "Ixuibrist" {Faith Int+4}
 57654 | Slime:5  | Identified the +8 chain mail of the Stars {Int+4}
 57658 | Slime:5  | Identified the +5 trident of Festooned Optimality {freeze,
                  | rC++ rN+++ Int-3 Dex+3}
 57661 | Slime:5  | Got a slimy rune of Zot
 57663 | Slime:5  | Identified the +0 plate armour "Coickod" {rC+++ Dex+6
                  | Slay-2 Stlth+}
 57664 | Slime:5  | Identified the +7 battleaxe of the Nexus {freeze, rElec
                  | Str+3}
 57677 | Slime:5  | Identified the +4 executioner's axe "Goblinslayer" {spect,
                  | rCorr Str+3 Int+3}
 57725 | Slime:5  | Learned a level 8 spell: Disjunction
 58435 | Crypt:1  | Killed Zeaghie's ghost
 58436 | Crypt:1  | Identified the ring "Cefaruud" {Fly rPois rC+ rCorr Slay-3}
 58618 | Vaults:5 | Entered Level 5 of the Vaults
 58640 | Vaults:5 | Reached XP level 25. HP: 161/161 MP: 38/38
 58788 | Vaults:5 | Got the Vellum of the Charnel Maleficium
 58799 | Vaults:5 | Got a silver rune of Zot
 58803 | Vaults:5 | Identified the staff "Disits" {rPois rC- rN+ rCorr Int+6
                  | Necro}
 58826 | Vaults:5 | Identified the amulet of Syvaocae {Reflect rPois SH+5}
 58954 | Vaults:5 | Reached skill level 1 in Summonings
 59010 | Vaults:5 | Noticed an ancient lich
 59014 | Vaults:5 | Reached skill level 10 in Translocations
 59018 | Vaults:5 | Killed an ancient lich
 59285 | Vaults:5 | Found the +7 lajatang of Order {silver, rMut}
 59442 | Vaults:5 | Identified the +7 quarterstaff of Ucoqyem {drain, *Rage
                  | rElec rPois}
 59448 | Vaults:5 | Identified the +0 leather armour "Upuidwuh" {Rampage Str+5
                  | Dex-3}
 59517 | Vaults:5 | Identified the +3 whip "Mufiha" {flame, *Noise Dex+5}
 59647 | Vaults:5 | Identified the staff of the Magi {Int+3 Earth}
 59995 | Depths:1 | Entered Level 1 of the Depths
 60079 | Depths:1 | Reached skill level 10 in Stealth
 60407 | Depths:1 | Found a gateway to Hell.
 60473 | Depths:1 | Found a one-way gateway to a ziggurat.
 60649 | Depths:1 | Found a basalt altar of Yredelemnul.
 60896 | Depths:2 | Found a one-way gate leading to the halls of Pandemonium.
 61220 | Depths:2 | Found the +3 pair of gauntlets of War {Slay+5}
 61233 | Depths:2 | Identified the ring "Uhukk" {Fly rC+ Will- Str+6}
 61239 | Depths:2 | Reached skill level 5 in Summonings
 61250 | Depths:2 | Identified the +7 falchion of Uncertain Death {elec, rN+
                  | Will- Int+4 SInv}
 61374 | Depths:2 | Reached XP level 26. HP: 168/168 MP: 39/39
 61386 | Depths:2 | Noticed a juggernaut
 61393 | Depths:2 | Killed a juggernaut
 61445 | Depths:2 | Identified the +8 chain mail "Ybuoc" {Rampage *Corrode
                  | Will+}
 61493 | Depths:2 | Got the Parchment of Reshaped Transposition
 61988 | Depths:3 | Noticed Boris
 62051 | Depths:3 | Killed Boris
 62350 | Depths:3 | Found a hide-covered altar of Uskayaw.
 62583 | Depths:3 | Found a runed translucent door.
 62600 | Depths:3 | Noticed Sojobo
 62606 | Depths:3 | Killed Sojobo
 62668 | Depths:3 | Identified the ring "Doygg" {Wiz Int+3}
 62906 | Depths:4 | Entered Level 4 of the Depths
 62913 | Depths:4 | Identified the orb "Reuwyr" {light, Dex+7}
 62913 | Depths:4 | Noticed Frederick
 62917 | Depths:4 | Noticed Vv
 62921 | Depths:4 | Killed Frederick
 62927 | Depths:4 | Killed Vv
 62950 | Depths:4 | Found a gate to the Realm of Zot.
 63165 | Depths:4 | Found Hueposopn's Gadget Gallery.
 63204 | Depths:4 | Reached XP level 27. HP: 174/174 MP: 39/39
 63613 | Depths:3 | Voluntarily entered the Abyss.
 63673 | Abyss:1  | Found a corrupted altar of Lugonu.
 63796 | Abyss:3  | Got an abyssal rune of Zot
 63813 | Abyss:3  | Found a corrupted altar of Lugonu.
 63846 | Depths:3 | Escaped the Abyss
 64134 | Depths:3 | Identified the +1 helmet of the Eight of Cups {-Cast
                  | *Corrode rN+++ Str+5}
 64219 | Zot:1    | Entered Level 1 of the Realm of Zot
 64908 | Zot:1    | Reached skill level 15 in Stealth
 65012 | Zot:1    | Identified the ring "Cipn" {*Slow Fly rPois rN++ Dex+3}
 65055 | Zot:1    | Identified the +3 quarterstaff "Enummyse" {heavy, rElec
                  | rF++ rC+++ MP-9}
 65571 | Zot:2    | Noticed an orb of fire
 65575 | Zot:2    | Killed an orb of fire
 66743 | Zot:3    | Noticed Grunn
 66756 | Zot:3    | Killed Grunn
 67240 | Zot:4    | Found a transporter.
 67242 | Zot:4    | Noticed a dread lich
 67242 | Zot:4    | Noticed Bealaq's ghost (legendary GnFE)
 67396 | Zot:4    | Found a transporter.
 67790 | Zot:5    | Entered Level 5 of the Realm of Zot
 68335 | Zot:5    | Noticed an orb of fire
 68339 | Zot:5    | Gained mutation: One of your tentacles bears a spike. [an
                  | orb of fire]
 68343 | Zot:5    | Killed an orb of fire
 68371 | Zot:5    | Noticed an orb of fire
 68397 | Zot:5    | Killed an orb of fire
 68403 | Zot:5    | Noticed a dread lich
 68410 | Zot:5    | Killed a dread lich
 68500 | Zot:5    | Noticed an orb of fire
 68634 | Zot:5    | Killed an orb of fire
 68846 | Zot:4    | Killed a dread lich
 68847 | Zot:4    | Identified the +2 leather armour of a treasure trove {rF+}
 68853 | Zot:4    | Killed Bealaq's ghost
 68879 | Zot:4    | Identified the ring of Xuzus {rC+ AC+4}
 68883 | Zot:4    | Identified the ring "Epsual" {+Blink Fly rC++ Str-2 Dex+3}
 69343 | Snake:4  | Killed Pooter's ghost
 69637 | D:3      | Killed Crazy Yiuf
 69964 | Pan      | Entered Pandemonium
 70252 | Pan      | Noticed Emuyl the pandemonium lord
 70257 | Pan      | Killed Emuyl the pandemonium lord
 70259 | Pan      | Reached skill level 1 in Ice Magic
 71092 | Pan      | Identified the ring "Qaji" {Fly Will+ SInv}
 71645 | Pan      | Noticed Coqovu the pandemonium lord
 71656 | Pan      | Killed Coqovu the pandemonium lord
 72057 | Pan      | Learned a level 7 spell: Malign Gateway
 72522 | Pan      | Noticed Bisunk the pandemonium lord
 72531 | Pan      | Killed Bisunk the pandemonium lord
 72920 | Pan      | Entered the realm of Cerebov.
 73547 | Pan      | Found the +6 sword of Cerebov {flame}
 73547 | Pan      | Noticed Cerebov
 73651 | Pan      | Identified the +0 flail of Lazaph {spect, ^Contam Will+
                  | Str+8}
 73654 | Pan      | Identified the staff of Courage {Will- rCorr Int+5 Earth}
 73737 | Pan      | Killed Cerebov
 73886 | Pan      | Reached skill level 15 in Spellcasting
 73886 | Pan      | Identified the ring of Sovereignty {Int+3 SInv}
 73953 | Pan      | Identified the +6 hand axe of the Elven Halls {distort,
                  | Will+}
 74029 | Pan      | Identified the amulet of the Treeataur {Acrobat rF+ rN+
                  | Str-3 Int+4}
 74103 | Pan      | Got the Dissertation on Phantasmal Refrigeration
 74198 | Pan      | Got a fiery rune of Zot
 74507 | Pan      | Reached skill level 10 in Shields
 74826 | Pan      | Found an exit through the horrors of the Abyss.
 74941 | Pan      | Reached skill level 10 in Air Magic
 74945 | Pan      | Noticed Calaupp the pandemonium lord
 75095 | Pan      | Found an exit through the horrors of the Abyss.
 75518 | Pan      | Noticed Jops the pandemonium lord
 75524 | Pan      | Killed Jops the pandemonium lord
 75814 | Pan      | Gained mutation: You are dopey. (Int -2) [a neqoxec]
 76235 | Pan      | Found a runed translucent door.
 76361 | Pan      | Got a demonic rune of Zot
 76877 | Pan      | Entered the realm of Gloorx Vloq.
 77110 | Pan      | Found an exit through the horrors of the Abyss.
 77531 | Pan      | Reached skill level 15 in Translocations
 77929 | Pan      | Noticed Gloorx Vloq
 77999 | Pan      | Killed Gloorx Vloq
 78070 | Pan      | Got a dark rune of Zot
 78204 | Pan      | Noticed Vowatuom the pandemonium lord
 78207 | Pan      | Killed Vowatuom the pandemonium lord
 78921 | Pan      | Entered the realm of Mnoleg.
 79402 | Pan      | Gained mutation: You occasionally lose the ability to drink
                  | potions when taking damage. [a cacodemon]
 79659 | Pan      | Got Mara's Folio of the Congregation
 79815 | Pan      | Gained mutation: You are clumsy. (Dex -2) [a cacodemon]
 79871 | Pan      | Gained mutation: You sometimes lose your temper in combat.
                  | [a cacodemon]
 80002 | Pan      | Reached skill level 10 in Summonings
 80302 | Pan      | Noticed Mnoleg
 80310 | Pan      | Killed Mnoleg
 80336 | Pan      | Gained mutation: You have hidden genetic potential. [a
                  | cacodemon]
 80364 | Pan      | Gained mutation: You are very weak. (Str -4) [a cacodemon]
 80367 | Pan      | Gained mutation: You occasionally lose the ability to read
                  | scrolls when taking damage. [a cacodemon]
 80369 | Pan      | Gained mutation: You do not regenerate when monsters are
                  | visible. [a neqoxec]
 80513 | Pan      | Got a glowing rune of Zot
 80586 | Depths:2 | Escaped Pandemonium
 80593 | Depths:2 | Lost mutation: You are very weak. (Str -4) [potion of
                  | mutation]
 80593 | Depths:2 | Lost mutation: You are clumsy. (Dex -2) [potion of
                  | mutation]
 80593 | Depths:2 | Gained mutation: You are robust. (+10% HP) [potion of
                  | mutation]
 80594 | Depths:2 | Lost mutation: You occasionally lose the ability to drink
                  | potions when taking damage. [potion of mutation]
 80594 | Depths:2 | Lost mutation: You have hidden genetic potential. [potion
                  | of mutation]
 80594 | Depths:2 | Lost mutation: You are robust. (+10% HP) [potion of
                  | mutation]
 80594 | Depths:2 | Gained mutation: You are very dopey. (Int -4) [potion of
                  | mutation]
 80595 | Depths:2 | Lost mutation: You sometimes lose your temper in combat.
                  | [potion of mutation]
 80595 | Depths:2 | Lost mutation: You do not regenerate when monsters are
                  | visible. [potion of mutation]
 80595 | Depths:2 | Lost mutation: You are very dopey. (Int -4) [potion of
                  | mutation]
 80595 | Depths:2 | Gained mutation: You are covered in fur. (AC +1) [potion of
                  | mutation]
 80595 | Depths:2 | Gained mutation: You have very sharp teeth. [potion of
                  | mutation]
 80595 | Depths:2 | Gained mutation: One of your tentacles bears a nasty spike.
                  | [potion of mutation]
 80598 | Pan      | Entered the realm of Lom Lobon.
 80598 | Pan      | Entered Pandemonium
 81595 | Pan      | Noticed Lom Lobon
 81709 | Pan      | Killed Lom Lobon
 81802 | Pan      | Got a magical rune of Zot
 82280 | Pan      | Noticed Ecatokholeu the pandemonium lord
 82298 | Pan      | Killed Ecatokholeu the pandemonium lord
 82447 | Pan      | Identified the +0 scale mail "Wacahida" {rElec rN+ Str-4
                  | Slay+4}
 83089 | Pan      | Noticed Fidaih the pandemonium lord
 83290 | Pan      | Noticed Eskitut the pandemonium lord
 83302 | Pan      | Killed Eskitut the pandemonium lord
 83375 | Pan      | Found an exit through the horrors of the Abyss.
 84218 | Pan      | Identified the +2 scale mail of Mumblety Peg {rC+ Str+4}
 84243 | Pan      | Noticed Tuthat the pandemonium lord
 84280 | Pan      | Killed Tuthat the pandemonium lord
 84528 | Pan      | Noticed Wekurih the pandemonium lord
 84548 | Pan      | Killed Wekurih the pandemonium lord
 85099 | Pan      | Got Idaorghom's Essays on Chrysopoeia and the Volcano
 85220 | Pan      | Found an exit through the horrors of the Abyss.
 86441 | Pan      | Found an exit through the horrors of the Abyss.
 86479 | Pan      | Reached skill level 15 in Shields
 86523 | Pan      | Noticed Daextogh the pandemonium lord
 86527 | Pan      | Killed Daextogh the pandemonium lord
 86725 | Pan      | Upgraded the game from 0.32-a0-12-g7fc57aa741 to
                  | 0.32-a0-35-gd9ff480968
 86726 | Pan      | Noticed a seraph
 86735 | Pan      | Killed a seraph
 86736 | Pan      | Reached skill level 15 in Fighting
 86736 | Pan      | Found a glowing golden altar of the Shining One.
 86758 | Pan      | Identified the ring "Figirik" {Fly Dex+3}
 86789 | Pan      | Identified the +5 hand axe of Rotation {flame, rPois rCorr
                  | Int-2 SInv}
 86790 | Pan      | Identified the +0 orcbow of Puaps {heavy, rF+ Dex+3}
 86798 | Pan      | Identified the ring of Generosity {rF+ rN+ rCorr}
 87078 | Pan      | Identified the +4 tower shield "Coediun" {rElec rF+ rC+}
 87117 | Depths:2 | Escaped Pandemonium
 87209 | Pan      | Entered Pandemonium
 87478 | Pan      | Identified the +2 war axe "Naurizel" {antimagic, rF+ rC+
                  | rCorr}
 87881 | Pan      | Noticed Imicag the pandemonium lord
 87893 | Pan      | Killed Imicag the pandemonium lord
 87935 | Pan      | Upgraded the game from 0.32-a0-35-gd9ff480968 to
                  | 0.32-a0-42-ga30500b4d3
 88104 | Pan      | Identified the +5 ring mail "Ovopp" {rElec rF+++ Str+3
                  | Int-3}
 88123 | Pan      | Noticed Buitagu the pandemonium lord
 88134 | Pan      | Killed Buitagu the pandemonium lord
 88173 | Pan      | Identified the +5 hand axe "Yschu" {spect, Dex+5}
 88613 | Pan      | Found an exit through the horrors of the Abyss.
 88949 | Pan      | Noticed Xuzuof the pandemonium lord
 88960 | Pan      | Killed Xuzuof the pandemonium lord
 89118 | Pan      | Identified the +1 plate armour "Guig" {Int+4 Dex+3 Stlth-}
 89124 | Pan      | Identified the +2 quarterstaff of Dulinuc {vamp, rN+}
 89167 | Pan      | Found an exit through the horrors of the Abyss.
 90002 | Pan      | Found an exit through the horrors of the Abyss.
 90009 | Pan      | Reached skill level 27 in Dodging
 90424 | Pan      | Found an opulent altar of Gozag.
 90424 | Pan      | Noticed Gunn the pandemonium lord
 90461 | Pan      | Found Gunn's Superb Hardware.
 90472 | Pan      | Found an opulent altar of Gozag.
 90472 | Pan      | Found Gunn's Quality Elixirs.
 90482 | Pan      | Found Gunn's Book Shoppe.
 90491 | Pan      | Found an opulent altar of Gozag.
 90698 | Pan      | Bought a potion of mutation for 144 gold pieces
 90698 | Pan      | Bought a potion of might for 72 gold pieces
 90698 | Pan      | Bought a potion of heal wounds for 90 gold pieces
 90698 | Pan      | Bought a potion of mutation for 144 gold pieces
 90698 | Pan      | Bought a potion of mutation for 144 gold pieces
 90698 | Pan      | Bought 2 potions of haste for 360 gold pieces
 90698 | Pan      | Bought a potion of might for 72 gold pieces
 90705 | Pan      | Killed Gunn the pandemonium lord
 90744 | Pan      | Found Gunn's Rarities Market.
 90793 | Pan      | Bought the ring "Jefuz" {Will+ Dex+6} for 583 gold pieces
 90798 | Depths:2 | Escaped Pandemonium
 90803 | Depths:2 | Lost mutation: You are dopey. (Int -2) [potion of mutation]
 90803 | Depths:2 | Lost mutation: You occasionally lose the ability to read
                  | scrolls when taking damage. [potion of mutation]
 90803 | Depths:2 | Lost mutation: One of your tentacles bears a nasty spike.
                  | [potion of mutation]
 90806 | Pan      | Entered Pandemonium
 90818 | Pan      | Found an exit through the horrors of the Abyss.
 91161 | Pan      | Noticed Xyanweor the pandemonium lord
 91168 | Pan      | Killed Xyanweor the pandemonium lord
 91680 | Pan      | Noticed Ignacio
 91685 | Pan      | Killed Ignacio
 91743 | Pan      | Found an exit through the horrors of the Abyss.
 92006 | Pan      | Noticed Konuich the pandemonium lord
 92008 | Pan      | Killed Konuich the pandemonium lord
 92427 | Pan      | Noticed Nilerina the pandemonium lord
 92432 | Pan      | Killed Nilerina the pandemonium lord
 92697 | Pan      | Found an exit through the horrors of the Abyss.
 93054 | Pan      | Found a runed translucent door.
 93108 | Pan      | Noticed Hitusk the pandemonium lord
 93113 | Pan      | Killed Hitusk the pandemonium lord
 94210 | Pan      | Identified the +1 long sword "Jellyslayer" {venom, rF+}
 94285 | Pan      | Found an exit through the horrors of the Abyss.
 94303 | Pan      | Noticed Woyfypp the pandemonium lord
 94311 | Pan      | Killed Woyfypp the pandemonium lord
 94684 | Pan      | Learned a level 8 spell: Summon Horrible Things
 94884 | Pan      | Found an exit through the horrors of the Abyss.
 95353 | Pan      | Noticed Soacyim the pandemonium lord
 95354 | Pan      | Killed Soacyim the pandemonium lord
 95996 | Pan      | Noticed Otumnu the pandemonium lord
 96001 | Pan      | Killed Otumnu the pandemonium lord
 96261 | Pan      | Found an exit through the horrors of the Abyss.
 96441 | Pan      | Identified the +9 dagger of Youthful Indiscretion
                  | {antimagic, +Blink rN++ Dex-5 SInv}
 96607 | Pan      | Noticed Utoekk the pandemonium lord
 96702 | Pan      | Reached skill level 15 in Summonings
 97017 | Pan      | Found an exit through the horrors of the Abyss.
 97273 | Pan      | Killed Utoekk the pandemonium lord
 98067 | Pan      | Noticed Neohazxi the pandemonium lord
 98081 | Pan      | Killed Neohazxi the pandemonium lord
 98253 | Pan      | Identified the +2 ring mail of Poor Excuses {Fly}
 98305 | Pan      | Found an exit through the horrors of the Abyss.
 98655 | Pan      | Noticed Kepsi the pandemonium lord
 98669 | Pan      | Killed Kepsi the pandemonium lord
 98842 | Pan      | Found an exit through the horrors of the Abyss.
 99202 | Pan      | Found an exit through the horrors of the Abyss.
 99311 | Pan      | Noticed Folekida the pandemonium lord
 99318 | Pan      | Killed Folekida the pandemonium lord
100632 | Pan      | Found an exit through the horrors of the Abyss.
100760 | Pan      | Noticed Edaufe the pandemonium lord
100761 | Pan      | Killed Edaufe the pandemonium lord
100889 | Depths:2 | Escaped Pandemonium
100924 | Hell     | Entered the Vestibule of Hell
100933 | Hell     | Noticed Geryon
100983 | Hell     | Killed Geryon
101103 | Hell     | Found a gateway to the ashen valley of Gehenna.
101232 | Hell     | Found a gateway to the freezing wastes of Cocytus.
101353 | Hell     | Found a gateway to the Iron City of Dis.
101527 | Hell     | Found a gateway to the decaying netherworld of Tartarus.
101633 | Tar:1    | Entered Level 1 of Tartarus
101737 | Tar:1    | Found a huge runed translucent gate.
101737 | Tar:1    | Found a huge runed translucent gate.
101737 | Tar:1    | Found a huge runed translucent gate.
101737 | Tar:1    | Found a huge runed translucent gate.
101737 | Tar:1    | Found a huge runed translucent gate.
101738 | Tar:1    | Found a huge runed translucent gate.
101739 | Tar:1    | Found a huge runed translucent gate.
101740 | Tar:1    | Found a huge runed translucent gate.
101740 | Tar:1    | Found a huge runed translucent gate.
101740 | Tar:1    | Found a huge runed translucent gate.
101741 | Tar:1    | Found a huge runed translucent gate.
101741 | Tar:1    | Found a huge runed translucent gate.
101742 | Tar:1    | Found a huge runed translucent gate.
101743 | Tar:1    | Found a huge runed translucent gate.
101744 | Tar:1    | Found a huge runed translucent gate.
101745 | Tar:1    | Found a huge runed translucent gate.
101746 | Tar:1    | Found a huge runed translucent gate.
101746 | Tar:1    | Found a huge runed translucent gate.
101750 | Tar:1    | Found a huge runed translucent gate.
101751 | Tar:1    | Found a huge runed translucent gate.
101752 | Tar:1    | Found a huge runed translucent gate.
101752 | Tar:1    | Found a huge runed translucent gate.
101753 | Tar:1    | Found a huge runed translucent gate.
101754 | Tar:1    | Found a huge runed translucent gate.
101755 | Tar:1    | Found a huge runed translucent gate.
101756 | Tar:1    | Found a huge runed translucent gate.
101756 | Tar:1    | Found a huge runed translucent gate.
101761 | Tar:1    | Found a huge runed translucent gate.
101762 | Tar:1    | Found a huge runed translucent gate.
101762 | Tar:1    | Found a huge runed translucent gate.
101762 | Tar:1    | Found a huge runed translucent gate.
101762 | Tar:1    | Found a huge runed translucent gate.
101774 | Tar:1    | Found a huge runed translucent gate.
101774 | Tar:1    | Found a huge runed translucent gate.
101774 | Tar:1    | Found a huge runed translucent gate.
101775 | Tar:1    | Found a huge runed translucent gate.
101892 | Tar:1    | Noticed an ancient lich
101892 | Tar:1    | Noticed a dread lich
101892 | Tar:1    | Noticed a dread lich
101897 | Tar:1    | Noticed an ancient lich
101898 | Tar:1    | Killed an ancient lich
101898 | Tar:1    | Killed an ancient lich
101900 | Tar:1    | Killed a dread lich
101903 | Tar:1    | Killed a dread lich
102748 | Tar:4    | Noticed an ancient lich
102750 | Tar:4    | Killed an ancient lich
103338 | Tar:7    | Entered Level 7 of Tartarus
104296 | Tar:7    | Identified the +1 mace of Woguz {antimagic, rElec rPois
                  | Will+}
104653 | Tar:7    | Noticed Ereshkigal
104705 | Tar:7    | Identified the +0 spear of Melee {flame, Str+3}
104887 | Tar:7    | Killed Ereshkigal
104979 | Tar:7    | Got the Information on Ghoulish Sparks
104984 | Tar:7    | Got a bone rune of Zot
104992 | Tar:7    | Got the Folio of Flammable Frostbite
105185 | Coc:1    | Entered Level 1 of Cocytus
105559 | Coc:3    | Paralysed by a wendigo for 1 turns
106510 | Coc:7    | Entered Level 7 of Cocytus
106611 | Coc:7    | Noticed an ancient lich
106618 | Coc:7    | Killed an ancient lich
106999 | Coc:7    | Paralysed by a wendigo for 1 turns
107626 | Coc:7    | Noticed Antaeus
107652 | Coc:7    | Killed Antaeus
107775 | Coc:7    | Got an icy rune of Zot
107953 | Geh:1    | Entered Level 1 of Gehenna
108520 | Geh:3    | Reached skill level 10 in Evocations
109498 | Geh:6    | Noticed an ancient lich
109500 | Geh:6    | Killed an ancient lich
109927 | Geh:7    | Entered Level 7 of Gehenna
110998 | Geh:7    | Found the +13 sceptre of Asmodeus
110998 | Geh:7    | Noticed Asmodeus
111010 | Geh:7    | Killed Asmodeus
111107 | Geh:7    | Identified the +4 dagger of War {flame, Str+3 Dex+2}
111132 | Geh:7    | Identified the amulet of Lugonu's Hope {RegenMP -Tele rF+
                  | rN+ Int+4}
111172 | Geh:7    | Identified the +7 orcbow of the Dark Horse {drain, rC+ MP+9
                  | Int+4}
111189 | Geh:7    | Got an obsidian rune of Zot
111414 | Dis:1    | Entered Level 1 of the Iron City of Dis
111530 | Dis:1    | You are sucked into a shaft and drop 1 floor!
112537 | Dis:7    | Entered Level 7 of the Iron City of Dis
113121 | Dis:7    | Noticed a juggernaut
113124 | Dis:7    | Found the +8 autumn katana {manifold assault}
113125 | Dis:7    | Killed a juggernaut
113131 | Dis:7    | Identified the +6 war axe "Haiclara" {chaos, rF+ Dex-2
                  | SInv}
113146 | Dis:7    | Identified the granite talisman of Uffolep {rC+ Dex+5}
113538 | Dis:7    | Noticed the Serpent of Hell
113545 | Dis:7    | Killed the Serpent of Hell
113698 | Dis:7    | Reached skill level 27 in Stealth
113721 | Dis:7    | Noticed Dispater
113722 | Dis:7    | Noticed a juggernaut
113728 | Dis:7    | Killed a juggernaut
113736 | Dis:7    | Killed Dispater
113828 | Dis:7    | Identified the ring of Kotziqab {rElec Will+ Str+6 Int+2
                  | Dex-3}
113829 | Dis:7    | Identified the ring "Nuxuor" {rF+ rC+ Will+ Str+6}
113841 | Dis:7    | Got an iron rune of Zot
114775 | Tomb:1   | Entered Level 1 of the Tomb of the Ancients
115012 | Tomb:1   | Identified the ring "Usogoug" {rF+ Str+2}
115673 | Tomb:2   | Noticed a royal mummy
115673 | Tomb:2   | Noticed a royal mummy
115673 | Tomb:2   | Noticed a royal mummy
115674 | Tomb:2   | Noticed a royal mummy
115680 | Tomb:2   | Killed a royal mummy
115682 | Tomb:2   | Killed a royal mummy
115746 | Tomb:2   | Reached skill level 15 in Evocations
116047 | Tomb:2   | Killed a royal mummy
116073 | Tomb:2   | Killed a royal mummy
116406 | Tomb:1   | Noticed a royal mummy
116406 | Tomb:1   | Noticed a royal mummy
116411 | Tomb:1   | Killed a royal mummy
116413 | Tomb:1   | Noticed a royal mummy
116414 | Tomb:1   | Killed a royal mummy
116415 | Tomb:1   | Noticed a royal mummy
116417 | Tomb:1   | Noticed a royal mummy
116499 | Tomb:1   | Noticed a royal mummy
116506 | Tomb:1   | Killed a royal mummy
116683 | Tomb:1   | Killed a royal mummy
116687 | Tomb:1   | Killed a royal mummy
116722 | Tomb:1   | Killed a royal mummy
116761 | Tomb:1   | Noticed a royal mummy
116770 | Tomb:1   | Killed a royal mummy
116789 | Tomb:1   | Noticed a royal mummy
116791 | Tomb:1   | Killed a royal mummy
116818 | Tomb:1   | Noticed a royal mummy
116825 | Tomb:1   | Killed a royal mummy
117326 | Pan      | Entered Pandemonium
117476 | Pan      | Found an exit through the horrors of the Abyss.
117533 | Pan      | Identified the +7 scimitar "Giant's Foe" {flame, rPois
                  | Stlth+}
117922 | Pan      | Noticed Inesuf the pandemonium lord
117923 | Pan      | Killed Inesuf the pandemonium lord
118141 | Pan      | Found an exit through the horrors of the Abyss.
118314 | Pan      | Found a runed translucent door.
118315 | Pan      | Found a runed translucent door.
118316 | Pan      | Noticed Vezixoff the pandemonium lord
118319 | Pan      | Found a runed translucent door.
118321 | Pan      | Identified the ring "Timoto" {*Corrode rN+++ MP+9 Dex-5
                  | SInv}
118331 | Pan      | Found a runed translucent door.
118692 | Pan      | Killed Vezixoff the pandemonium lord
118773 | Pan      | Noticed Hajat the pandemonium lord
118780 | Pan      | Killed Hajat the pandemonium lord
119102 | Pan      | Found an exit through the horrors of the Abyss.
119259 | Pan      | Noticed Mennas
119267 | Pan      | Killed Mennas
119589 | Pan      | Identified the maw talisman of Mautet {rC+++ rN+ SInv}
119670 | Pan      | Acquired the +3 crown of Dyrovepreva {rElec Int+2 SInv}
119670 | Pan      | Found the +3 crown of Dyrovepreva {rElec Int+2 SInv}
119924 | Pan      | Took an exit into the Abyss.
119924 | Abyss:3  | Escaped into the Abyss
119956 | Depths:2 | Escaped the Abyss
120558 | Tomb:3   | Entered Level 3 of the Tomb of the Ancients
120585 | Tomb:3   | Noticed a royal mummy
120587 | Tomb:3   | Noticed a royal mummy
120595 | Tomb:3   | Noticed a royal mummy
120598 | Tomb:3   | Killed a royal mummy
120598 | Tomb:3   | Killed a royal mummy
120604 | Tomb:3   | Noticed a royal mummy
120607 | Tomb:3   | Killed a royal mummy
120610 | Tomb:3   | Noticed a royal mummy
120614 | Tomb:3   | Noticed a royal mummy
120617 | Tomb:3   | Noticed a royal mummy
120617 | Tomb:3   | Noticed Boris
120617 | Tomb:3   | Killed a royal mummy
120620 | Tomb:3   | Killed Boris
120621 | Tomb:3   | Killed a royal mummy
120623 | Tomb:3   | Killed a royal mummy
120623 | Tomb:3   | Killed a royal mummy
120625 | Tomb:3   | Noticed a royal mummy
120627 | Tomb:3   | Killed a royal mummy
120764 | Tomb:3   | Found the amulet of Vitality {RegenMP++ Regen++}
120765 | Tomb:3   | Found the +8 Wrath of Trog {antimagic, *Rage Rampage}
120798 | Tomb:3   | Identified the staff "Killer Klown's Curse" {rF+ rN+ Fire}
120806 | Tomb:3   | Identified the +1 helmet of Absence {Will++ Int+2 Dex+2}
120823 | Tomb:3   | Identified the +3 swamp dragon scales "Acemyuw" {rPois
                  | Slay+3}
120826 | Tomb:3   | Identified the ring "Xonnaont" {rC+ Int+6}
120854 | Tomb:3   | Identified the ring "Gaumujig" {rElec rPois rCorr Int-3
                  | SInv}
120904 | Tomb:3   | Reached skill level 27 in Shields
120960 | Tomb:3   | Identified the +1 scale mail of Idohat {rF+ rN+ Dex+2}
121190 | Tomb:3   | Got a golden rune of Zot
121939 | Zot:5    | Got the Orb of Zot
122050 | Zot:4    | Noticed Boris
122057 | Zot:4    | Killed Boris
122303 | D:12     | Noticed Vohan the pandemonium lord
122310 | D:12     | Killed Vohan the pandemonium lord
122439 | D:6      | Noticed Qeryrph the pandemonium lord
122444 | D:6      | Killed Qeryrph the pandemonium lord
122522 | D:1      | Noticed a seraph
122526 | D:1      | Noticed Aceoso the pandemonium lord
122528 | D:1      | Killed a seraph
122530 | D:1      | Killed Aceoso the pandemonium lord
122543 | D:1      | Noticed Zusmug the pandemonium lord
122543 | D:1      | Killed Zusmug the pandemonium lord
122556 | D:$      | Escaped with the Orb!

Illustrated notes

Levels and vault maps discovered:
D:1:      nagdon_arrival_double_spiral, layout_basic
D:2:      kennysheep_six_static_rooms, layout_basic, basic_altar,
          kennysheep_cross_room
D:3:      minmay_door_path, layout_basic, lemuel_round_altar,
          mainiacjoe_overflow_boulevard, mainiacjoe_overflow_small_starburst,
          ebering_ecumenical_altar_sacrificial,
          nicolae_concentric_dashed_squares_wild, uniq_crazy_yiuf_cottage
D:4:      layout_rooms, lemuel_zombie_altar_yredelemnul,
          nicolae_gozag_conspicuous_consumption, tgw_sif,
          kennysheep_generic_room_15
D:5:      layout_loops_cross, uniq_blork_the_orc
D:6:      layout_basic, xom_butterflies, makhleb_heckhound_becter,
          minmay_temple_entry_waves, chequers_ossuary_entry_cave,
          serial_bayou_pond_b, chequers_serial_rivers_marsh,
          uniq_prince_ribbit1, uniq_eustachio, uniq_grinder
D:7:      layout_gridville, mainiacjoe_overflow_six_doors_small,
          minmay_hollow_rounded_squares, uniq_menkaure
D:8:      layout_gridville, mainiacjoe_overflow_paths, kennysheep_mini,
          serial_shops, shop, shop, minmay_chambers_of_fives
D:9:      layout_roguey, grunt_dithmenos_smoke_and_mirrors, zin_purify,
          old_standard_altar, uniq_harold
D:10:     layout_rooms, david_lair_generic, einodemon_armed_red_devil_minivault,
          uniq_lodul
D:11:     layout_basic, erik_orc_4, enter_trove_6
D:12:     layout_roguey, hangedman_abyss_or_decor_lesser_grid
D:13:     layout_loops_ring, erik_vaults_2, drop_trap,
          einodemon_barbed_minivault
D:14:     minmay_smoke_and_mirrors, layout_loops_ring, serial_shops,
          kennysheep_mini_moat, dreamdust_princess_bridge
D:15:     hangedman_depths_entry_try_elsewhere_first, layout_cave_pools,
          minivault_16, uniq_kirke, uniq_nessos
Temple:   hellmonk_temple_two_chambers
Lair:1:   layout_gridlike
Lair:2:   mu_elephants_graveyard, layout_cave_pods,
          nicolae_snake_entry_warm_welcome, st_stairs_3,
          nzn_masters_of_martial_movement
Lair:3:   layout_regular_city, swamp_mist, dreamdust_mushroom_princess
Lair:4:   layout_regular_city, portal_ice_cave_entry_ice_simulacra, basic_altar,
          st_stairs_8, beast_lair_carwin_10, infiniplex_staircase_pool,
          lemuel_fruit_tree
Lair:5:   evilmike_catoblepas_cave, layout_big_grid, minmay_slime_entry_pillars
Swamp:1:  layout_falls_marsh, evilmike_swamp_ruin_wall
Swamp:2:  layout_basic_swamp, nicolae_swamp_little_tower
Swamp:3:  layout_falls_marsh, hangedman_swamp_ruin_wall, uniq_bai_suzhen
Swamp:4:  swamp_icy, layout_basic_swamp, swamp_pool_4,
          tekkud_bubbles_buried_in_this_jungle
Snake:1:  layout_misc_corridors, nrook_loot_triangle
Snake:2:  layout_rooms, st_stairs_7
Snake:3:  layout_chambers, gammafunk_ghost_arena, evilmike_ambush
          [evilmike_ambush_outer_pillars, evilmike_ambush_inner_pond],
          grunt_megastairs_3, uniq_azrael
Snake:4:  snake_pit_salamanders_mu, layout_cave_town, ebering_ghost_rock_garden,
          nicolae_snake_coiling_death, uniq_aizul
Slime:1:  layout_caves, basic_altar
Slime:2:  layout_caves, nicolae_slime_rock_hall_of_fame
Slime:3:  layout_caves
Slime:4:  layout_caves
Slime:5:  slime_pit_nicolae_royal_road_to_ruin
Orc:1:    layout_caves, serial_shops, shop, nicolae_orc_minecarts, uniq_fannar
Orc:2:    st_orc_rangers, layout_caves, uniq_saint_roka
Elf:1:    minmay_coctagon, layout_loops_corners, serial_shops,
          nicolae_shop_behind_doors, kennysheep_underground_church
Elf:2:    nicolae_elf_blades_crystal_corner, layout_loops_corners
Elf:3:    minmay_elf_hall_circle, layout_geoelf_grid, serial_shops, shop
Vaults:1: nicolae_vaults_storage_closets_1, nicolae_vaults_loss_of_containment,
          grunt_vaults_bifocal, nicolae_vaults_tetromino_L_2,
          nicolae_vaults_tetromino_T_1, hangedman_vaults_locks, v_misc_16,
          v_alt_pattern_5, nicolae_vaults_prndl, grunt_vaults_funnel,
          nicolae_vaults_little_ls, hangedman_vaults_pinch,
          nicolae_vaults_big_angled_halls, vaults_room_corners,
          nicolae_vaults_apartment_1, nicolae_vaults_double_plus_1,
          layout_vaults_omnibox
Vaults:2: mu_enter_wizlab_4, nicolae_vaults_door_testing_chamber, v_misc_16,
          v_misc_12, minmay_crypt_entry_simple_walls, vaults_room_semicircle,
          ontoclasm_vaults_gallery, nicolae_vaults_three_branches,
          layout_vaults_big_room
Vaults:3: dpeg_vaults_monster_row, vaults_dpeg_cross, vaults_mumra_hexcomb,
          nicolae_vaults_closet_pinwheel_2, vaults_mumra_minichess_inversion,
          st_star, nicolae_vaults_hexular_roomagon,
          nicolae_vaults_more_shelving_2, ontoclasm_vaults_twist,
          nicolae_vaults_yaktaur_gun_rack, nicolae_vaults_double_plus_1,
          layout_vaults_maze_snakey
Vaults:4: nicolae_vaults_trapezoid_lopsided_3, hangedman_vaults_river_flow,
          v_misc_4, nicolae_vaults_heart-shaped_vault, nicolae_vaults_house_1,
          v_misc_15, vaults_room_ringed_pool, nicolae_vaults_tangram_1,
          layout_vaults_omnigrid
Vaults:5
Crypt:1:  layout_misc_corridors, gammafunk_ghost_abyssal_escape, uniq_donald
Crypt:2:  layout_gridlike
Crypt:3:  evilmike_haunted_forest
Tomb:1
Tomb:2
Tomb:3
Depths:1: layout_gridlike, enter_ziggurat_e, serial_glass, glass_columns_a,
          glass_columns_a, grunt_metal_band, st_stairs_7, hangedman_blasphemy
Depths:2: minmay_the_grid_3x2 [minmay_the_grid_eight,
          minmay_the_grid_minigrid_large, minmay_the_grid_paths,
          minmay_the_grid_minigrid_small, minmay_the_grid_tri_star,
          minmay_the_grid_prize_trominoes], layout_gridville, pan_entry,
          hangedman_abyss_entry_splay, hell_entry
Depths:3: minmay_outward_triangles, layout_gridlike, grunt_hell_entry_dis_grunt,
          nicolae_uskayaw_dance_hall, abyss_entry, minmay_crystal_box,
          infiniplex_staircase_diamond, uniq_sojobo, uniq_boris
Depths:4: grunt_zot_entry_alcove, layout_cave_pools, minmay_misc_feat_tiny,
          hellmouth_1, minmay_statues_item, nicolae_shop_gadgets, uniq_vv,
          uniq_frederick
Hell
Dis:1:    layout_gridville
Dis:2:    layout_regular_city
Dis:3:    hangedman_dis_decor_blocks_crown, layout_jigsaw
Dis:4:    layout_regular_city
Dis:5:    layout_jigsaw, nicolae_hells_seeping_fissure
Dis:6:    layout_overlapping_boxes
Dis:7:    dis_st
Geh:1:    nicolae_geh_split_lavaduct, layout_gehenna_pools_box
Geh:2:    layout_gehenna_pools_triple
Geh:3:    layout_gehenna_pools_basic, nicolae_geh_lava_in_the_way
Geh:4:    layout_gehenna_lava_caves
Geh:5:    layout_gehenna_lava_caves
Geh:6:    nicolae_geh_i_lava_good_maze [nicolae_geh_lavamaze_orthhalf_recurse,
          nicolae_geh_lavamaze_orthhalf_recurse]
Geh:7:    geh_mu
Coc:1:    layout_cocytus_water_paths
Coc:2:    layout_cocytus_delve
Coc:3:    layout_cocytus_delve
Coc:4:    layout_cocytus_water_paths, nicolae_coc_statues_of_limitations
Coc:5:    layout_cocytus_delve
Coc:6:    layout_cocytus_delve
Coc:7:    coc_grunt_cove [coc_grunt_cove_antaeus, coc_grunt_cove_fiend,
          coc_grunt_cove_fiend, coc_grunt_cove_fiend, coc_grunt_cove_fiend]
Tar:1:    layout_honeycomb, door_vault
Tar:2:    nicolae_tar_checkpoint_tarlie, layout_cathedral_of_symmetry
Tar:3:    layout_catacombs
Tar:4:    layout_cathedral_of_symmetry, nicolae_tar_combstack
Tar:5:    layout_cathedral_of_symmetry
Tar:6:    layout_grid_maze
Tar:7:    tar_minmay_river
Zot:1:    kennysheep_oblong_rooms, layout_onion_interference,
          regret_index_zot_stipple_split
Zot:2:    layout_concentric_octagons
Zot:3:    layout_cellular_growth, uniq_grunn
Zot:4:    layout_basic, gammafunk_ghost_mausoleum,
          hangedman_zot_decor_checkerboard
Zot:5:    layout_onion

Skill      XL: |  1  2  3  4  5  6  7  8  9 10 11 12 13 14 15 16 17 18 19 20 21 22 23 24 25 26 27 |
---------------+----------------------------------------------------------------------------------+-----
Unarmed Combat | 4 5 6 7 9 10 12 14 16 18 19 21 22 23 25 26 27 | 27.0
Shapeshifting  | 4 5 7 8 10 11 12 15 16 17 18 19 20 21 22 25 | 25.0
Fighting       | 2 3 4 7 9 10 11 25 | 25.4
Stealth        | 2 3 6 7 8 10 14 27 | 27.0
Evocations     | 1 2 3 4 5 17 | 17.7
Dodging        | 3 4 6 7 8 9 11 13 15 16 17 19 20 21 27 | 27.0
Shields        | 2 6 27 | 27.0
Spellcasting   | 8 11 12 26 | 26.4
Translocations | 6 8 9 10 11 26 | 26.2
Air Magic      | 6 7 12 | 12.0
Summonings     | 5 6 23 | 23.2
Ice Magic      | 1 |  1.1

Action                     |  1- 3 |  4- 6 |  7- 9 | 10-12 | 13-15 | 16-18 | 19-21 | 22-24 | 25-27 || total
---------------------------+-------+-------+-------+-------+-------+-------+-------+-------+-------++-------
  Melee: Unarmed           |    30 |    50 |   216 |   575 |   656 |  1282 |  1107 |  1415 |  9505 || 14836
         Constrict         |    22 |    40 |    53 |    87 |    87 |   183 |   150 |   192 |  1226 ||  2040
         Tentacles         |    18 |    33 |    51 |   165 |   231 |   303 |   246 |   376 |  2582 ||  4005
         Punch             |     4 |     4 |    13 |    29 |       |   100 |   183 |   259 |  2029 ||  2621
         Dagger            |    49 |    77 |       |       |       |       |       |       |       ||   126
         Kick              |       |       |       |       |       |       |       |       |  3492 ||  3492
         Bite              |       |       |       |       |       |       |       |       |   937 ||   937
   Cast: Manifold Assault  |       |       |       |       |       |       |       |    35 |   654 ||   689
         Ozocubu's Armour  |       |       |       |       |       |       |       |     1 |     1 ||     2
         Vhi's Electric Ch |       |       |       |       |       |       |       |     3 |   522 ||   525
         Summon Forest     |       |       |       |       |       |       |       |       |    28 ||    28
         Summon Horrible T |       |       |       |       |       |       |       |       |    66 ||    66
         Malign Gateway    |       |       |       |       |       |       |       |       |    41 ||    41
         Blink             |       |       |       |       |       |       |       |       |     8 ||     8
         Lesser Beckoning  |       |       |       |       |       |       |       |       |     3 ||     3
         Passage of Golubr |       |       |       |       |       |       |       |       |     1 ||     1
         Disjunction       |       |       |       |       |       |       |       |       |     1 ||     1
         Gell's Gravitas   |       |       |       |       |       |       |       |       |     1 ||     1
 Invoke: Serpent's Lash    |       |       |       |     1 |     5 |     4 |     9 |     6 |    95 ||   120
         Heavenly Storm    |       |       |       |       |       |     1 |       |     2 |     6 ||     9
Ability: Lunge             |       |       |    15 |    73 |    79 |   191 |   146 |   172 |   977 ||  1653
         Whirlwind         |       |       |       |    44 |   116 |   279 |   160 |   304 |  1790 ||  2693
         Wall Jump         |       |       |       |       |     7 |     3 |     5 |    10 |    35 ||    60
  Evoke: Wand              |       |       |     9 |     6 |     3 |    17 |     2 |     7 |     9 ||    53
         Phantom mirror    |       |       |       |       |     2 |     1 |     1 |     1 |     3 ||     8
         Lightning rod     |       |       |       |       |     1 |     5 |       |     1 |       ||     7
         Phial of floods   |       |       |       |       |     1 |     1 |       |     1 |       ||     3
         Tin of tremorston |       |       |       |       |       |     3 |       |     1 |       ||     4
    Use: Scroll            |       |     9 |     7 |    14 |     4 |    12 |     3 |     6 |    22 ||    77
         Potion            |       |       |       |     5 |     4 |     2 |       |     2 |    31 ||    44
   Stab: Sleeping          |     5 |    11 |     8 |     7 |     8 |    34 |    42 |    47 |   156 ||   318
         Distracted        |       |     1 |     3 |     6 |     2 |     4 |     9 |    23 |   257 ||   305
         Invisible         |       |       |       |     6 |       |     4 |     1 |       |       ||    11
         Paralysed         |       |       |       |     2 |     2 |     6 |       |       |     4 ||    14
         Fleeing           |       |       |       |     1 |       |       |       |       |       ||     1
 Armour: Skin              |    24 |    65 |    85 |   186 |   164 |   698 |   543 |   320 |  1366 ||  3451
  Dodge: Dodged            |    29 |    41 |    74 |   235 |   278 |   801 |   535 |   744 |  6233 ||  8970
  Block: Other             |       |       |       |    36 |    56 |    91 |       |       |       ||   183
         Reflection        |       |       |       |       |       |    81 |    84 |    55 |   291 ||   511
         Buckler           |       |       |       |       |       |   323 |   439 |   449 |  3352 ||  4563
   Form: Flux              |       |       |       |     1 |       |       |       |       |       ||     1
         Statue            |       |       |       |       |       |     1 |       |       |     1 ||     2
         Storm             |       |       |       |       |       |       |       |       |     1 ||     1

Table legend: (Time is in decaauts)
 A = Elapsed time spent in this place.
 B = Non-inter-level travel time spent in this place.
 C = Inter-level travel time spent in this place.
 D = Time resting spent in this place.
 E = Time spent auto-exploring this place.
 F = Levels seen in this place.
 G = Mean time per level.
                   A        B        C        D        E       F      G
               +--------+--------+--------+--------+--------+-----+--------+
         Total | 165752 | 146282 |  19470 |  30149 |  38986 | 134 | 1237.0 |
       Dungeon |  22082 |  16889 |   5193 |   4008 |   5834 |  15 | 1472.1 |
        Temple |     12 |      2 |     10 |      0 |      0 |   1 |   12.0 |
          Lair |   9388 |   7397 |   1991 |   2618 |   1133 |   5 | 1877.6 |
         Swamp |   5000 |   4457 |    543 |    903 |   1496 |   4 | 1250.0 |
     Snake Pit |   8448 |   7615 |    833 |   2417 |   1719 |   4 | 2112.0 |
    Slime Pits |   1110 |   1087 |     23 |     13 |      0 |   5 |  222.0 |
  Orcish Mines |   4793 |   4343 |    450 |   2747 |    197 |   2 | 2396.5 |
   Elven Halls |   6884 |   5955 |    929 |   1248 |   1258 |   3 | 2294.7 |
        Vaults |  10280 |   7276 |   3004 |    709 |   1908 |   5 | 2056.0 |
         Crypt |   6770 |   5189 |   1581 |    587 |   1608 |   3 | 2256.7 |
          Tomb |   4902 |   3846 |   1056 |   1062 |    396 |   3 | 1634.0 |
        Depths |   6545 |   5428 |   1117 |    640 |   2308 |   4 | 1636.2 |
          Hell |   1260 |   1079 |    181 |    127 |    430 |   1 | 1260.0 |
           Dis |   4259 |   4121 |    138 |    708 |   1036 |   7 |  608.4 |
       Gehenna |   4918 |   4444 |    474 |    972 |   1687 |   7 |  702.6 |
       Cocytus |   3939 |   3741 |    198 |   1315 |    741 |   7 |  562.7 |
      Tartarus |   5108 |   4606 |    502 |    498 |   1813 |   7 |  729.7 |
           Zot |   7648 |   6406 |   1242 |    439 |   2852 |   5 | 1529.6 |
         Abyss |    384 |    384 |      0 |     25 |      0 |   4 |   96.0 |
   Pandemonium |  48324 |  48324 |      0 |   7349 |  12493 |  38 | 1271.7 |
         Trove |    313 |    313 |      0 |    200 |      0 |   1 |  313.0 |
       Ossuary |    649 |    649 |      0 |    219 |      0 |   1 |  649.0 |
      Ice Cave |   1803 |   1803 |      0 |   1098 |     72 |   1 | 1803.0 |
        Wizlab |    921 |    921 |      0 |    241 |      0 |   1 |  921.0 |
               +--------+--------+--------+--------+--------+-----+--------+

Top non-repeatable levels by time:
   Orc:1: 3367 daAuts
 Snake:3: 2989 daAuts
 Crypt:3: 2937 daAuts
 Snake:4: 2808 daAuts
Vaults:1: 2771 daAuts
   Dis:7: 2663 daAuts
   Tar:7: 2644 daAuts
  Tomb:1: 2624 daAuts
Vaults:2: 2575 daAuts
    D:13: 2465 daAuts
   Elf:3: 2450 daAuts
 Crypt:1: 2435 daAuts
   Elf:2: 2280 daAuts
  Lair:2: 2217 daAuts
   Elf:1: 2153 daAuts
